 Dungeon Crawl Stone Soup version 0.24-a0-170-gd8427f5 (webtiles) character file.

Game seed: 5391272370569556024

922264 Dfrag the Annihilator (level 27, -8/288 HPs)
             Began as a Demonspawn Fire Elementalist on Mar 8, 2019.
             Was the Champion of Vehumet.
             Mangled by a lorocyproca (17 damage)
             ... summoned by Nicuaroz
             ... on level 17 of a ziggurat on Mar 9, 2019.
             The game lasted 03:28:36 (64691 turns).

Dfrag the Annihilator (DsFE)                       Turns: 64691, Time: 03:28:37

Health: -8/288     AC: 25    Str: 12    XL:     27
Magic:  53/62      EV: 12    Int: 51    God:    Vehumet [******]
Gold:   4557       SH:  8    Dex: 18    Spells: 19/78 levels left

rFire    + + .     SeeInvis +   B - +2 Maxwell's thermic engine {flame, freeze}
rCold    + + .     Gourm    .   Z - +2 buckler "Amoju" {rF+ Str+3 Int+3 Dex+4}
rNeg     + . .     Faith    .   H - +3 faerie dragon scales {rCorr MP+9}
rPois    +         Spirit   .   Q - +1 helmet of Crawling {Str-2 Int+4 Slay+4}
rElec    .         Reflect  .   A - +2 cloak {MR+}
rCorr    +         Harm     .   (gloves unavailable)
MR       +++++     Clarity  +   g - +2 pair of boots {Fly}
Stlth    ++++......             l - amulet of the Four Winds {rN+ MR+++ Clar}
HPRegen  0.58/turn              G - +5 ring of intelligence
MPRegen  0.38/turn              t - ring "Mecoun" {Wiz rPois rF+ Int+5}

@: brilliant, tornado, flying, hasted, studying 2 skills, very quick
A: claws 3, icy blue scales 3, see invisible, cold resistance 1, foul stench 2,
powered by death 3, robust 3, strong 1, wild magic 1, rot immunity
}: 3/15 runes: barnacled, slimy, gossamer
a: Renounce Religion


You were on level 17 of a ziggurat.
You worshipped Vehumet.
Vehumet was exalted by your worship.
You were not hungry.

You visited 11 branches of the dungeon, and saw 51 of its levels.
You visited the Abyss 2 times.
You visited 2 ziggurats (completing 1), and saw 44 of their levels.
You also visited: Trove, Ossuary, Gauntlet and Ice Cave.

You collected 7804 gold pieces.
You spent 3247 gold pieces at shops.

Inventory:

Hand Weapons
 B - the +2 Maxwell's thermic engine (weapon) {flame, freeze}
   (You found it on level 5 of the Pits of Slime)

   It has been specially enchanted to burn those struck by it, causing extra
   injury to most foes and up to half again as much damage against particularly
   susceptible opponents.
   Big, fiery blades are also staple armaments of hydra-hunters.
Missiles
 p - 20 javelins of penetration (quivered)
Armour
 g - a +2 pair of boots of flying (worn)
 r - the +1 ring mail "Gemioti" {Int+4 SInv}
   (You found it on level 9 of a ziggurat)

   It affects your intelligence (+4).
   It lets you see invisible.
 A - a +2 cloak of magic resistance (worn)
 H - the +3 faerie dragon scales (worn) {rCorr MP+9}
   (You took it off the Enchantress on level 4 of the Depths)

   It affects your magic capacity (+9).
   It provides partial protection from all sources of acid and corrosion.
 P - the +0 cloak of the Evening Star {*Corrode MR+ Regen+}
   (You found it on level 4 of the Depths)

   It affects your resistance to hostile enchantments.
   It increases your rate of regeneration.
   It may corrode you when you take damage.
 Q - the +1 helmet of Crawling (worn) {Str-2 Int+4 Slay+4}
   (You acquired it on level 2 of the Lair of Beasts)

   It affects your strength (-2).
   It affects your intelligence (+4).
   It affects your accuracy and damage with ranged weapons and melee attacks
   (+4).
 T - the +11 large shield of Freedom {Int+4}
   (You took it off a daeva on level 6 of a ziggurat)

   It affects your intelligence (+4).
 Z - the +2 buckler "Amoju" (worn) {rF+ Str+3 Int+3 Dex+4}
   (You found it on level 5 of the Pits of Slime)

   It affects your strength (+3).
   It affects your intelligence (+3).
   It affects your dexterity (+4).
   It protects you from fire.
Magical Staves
 j - an uncursed staff of fire
 m - an uncursed staff of energy
 W - an uncursed staff of conjuration
Jewellery
 l - the amulet of the Four Winds (around neck) {rN+ MR+++ Clar}
   (You found it on level 16 of a ziggurat)

   [amulet of nothing]

   It protects you from negative energy.
   It affects your resistance to hostile enchantments.
   It protects you against confusion.
 t - the ring "Mecoun" (right claw) {Wiz rPois rF+ Int+5}
   (You found it on level 12 of a ziggurat)

   [ring of wizardry]

   It improves your spell success rate.
   It affects your intelligence (+5).
   It protects you from fire.
   It protects you from poison.
 F - the amulet of Laqihiuz {RegenMP Str+2 Int+6}
   (You took it off a minotaur in a Gauntlet)

   [amulet of magic regeneration]

   It increases your magic regeneration.
   It affects your strength (+2).
   It affects your intelligence (+6).
 G - a +5 ring of intelligence (left claw)
 V - the ring "Ufiwuc Joles" {rC+ Int+2 Dex+4}
   (You took it off an ironbrand convoker on level 4 of the Vaults)

   [ring of dexterity]

   It affects your intelligence (+2).
   It affects your dexterity (+4).
   It protects you from cold.
Wands
 i - a wand of clouds (6)
 M - a wand of iceblast (58)
 R - a wand of acid (6)
Scrolls
 a - 2 scrolls of summoning
 e - 43 scrolls of remove curse
 h - 8 scrolls of fear
 u - 33 scrolls of teleportation
 x - 2 scrolls of enchant armour
 y - 13 scrolls of amnesia
 z - 7 scrolls of enchant weapon
 C - 8 scrolls of blinking
 E - 5 scrolls of identify
 L - 23 scrolls of fog
 N - a scroll of silence
 S - 2 scrolls of magic mapping
 U - a scroll of brand weapon
Potions
 d - 6 potions of brilliance
 f - 4 potions of cancellation
 k - 4 potions of resistance
 n - 15 potions of curing
 o - 5 potions of haste
 s - 6 potions of might
 v - 15 potions of heal wounds
 I - 15 potions of mutation
 J - a potion of ambrosia
 K - 6 potions of agility
Books
 w - a manual of Staves
 D - a manual of Necromancy
Miscellaneous
 Y - a lightning rod (4/4)
Comestibles
 c - 60 rations


   Skills:
 - Level 19.3 Fighting
 - Level 10.7 Armour
 - Level 1.7 Dodging
 - Level 10.2 Stealth
 - Level 5.0 Shields
 + Level 26.2 Spellcasting
 O Level 27 Conjurations
 - Level 20.2 Fire Magic
 * Level 12.8 Ice Magic
 - Level 22.1 Air Magic
 - Level 19.2 Earth Magic


You had 19 spell levels left.
You knew the following spells:

 Your Spells              Type           Power        Failure   Level  Hunger
a - Shatter               Erth           #########.   1%          9    None
b - Tornado               Air            #########.   1%          9    None
c - Glaciate              Conj/Ice       #########.   1%          9    None
e - Ignition              Fire           #########.   1%          8    None
f - Fire Storm            Conj/Fire      #########.   1%          9    None
g - Lehudib's Crystal Sp  Conj/Erth      #########.   1%          8    None
i - Orb of Destruction    Conj           #########.   1%          7    None

Your spell library contained the following spells:

 Spells                   Type           Power        Failure   Level  Hunger
 Chain Lightning          Conj/Air       #########.   1%          8    None
 Animate Skeleton         Necr           N/A          1%          1    None
 Apportation              Tloc           ######       1%          1    None
 Beastly Appendage        Tmut           ######       1%          1    None
 Confusing Touch          Hex            ######       1%          1    None
 Corona                   Hex            #######      1%          1    None
 Flame Tongue             Conj/Fire      #####        1%          1    None
 Freeze                   Ice            ####         1%          1    None
 Infusion                 Chrm           ####         1%          1    None
 Magic Dart               Conj           ####         1%          1    None
 Pain                     Necr           ####         1%          1    None
 Sandblast                Erth           ######       1%          1    None
 Sting                    Conj/Pois      ####         1%          1    None
 Summon Butterflies       Summ           #######.     1%          1    None
 Summon Small Mammal      Summ           ####         1%          1    None
 Blink                    Tloc           N/A          1%          2    None
 Call Imp                 Summ           #######.     1%          2    None
 Corpse Rot               Necr           N/A          1%          2    None
 Ensorcelled Hibernation  Hex/Ice        ######       1%          2    None
 Passwall                 Tmut/Erth      ########     1%          2    None
 Poisonous Vapours        Pois/Air       ######       1%          2    None
 Searing Ray              Conj           ######       1%          2    None
 Shroud of Golubria       Chrm/Tloc      #######...   1%          2    None
 Slow                     Hex            #######.     1%          2    None
 Sticks to Snakes         Tmut           #######.     1%          2    None
 Sublimation of Blood     Necr           #######...   1%          2    None
 Throw Flame              Conj/Fire      ######       1%          2    None
 Throw Frost              Conj/Ice       ######       1%          2    None
 Call Canine Familiar     Summ           #######.     1%          3    None
 Confuse                  Hex            #######.     1%          3    None
 Conjure Flame            Conj/Fire      ########     1%          3    None
 Dazzling Spray           Conj/Hex       ######       1%          3    None
 Gell's Gravitas          Tloc           #######...   1%          3    None
 Ignite Poison            Fire/Tmut/Pois ########     1%          3    None
 Inner Flame              Hex/Fire       ########     1%          3    None
 Lesser Beckoning         Tloc           #######...   1%          3    None
 Mephitic Cloud           Conj/Pois/Air  ########     1%          3    None
 Ozocubu's Armour         Chrm/Ice       ########     1%          3    None
 Portal Projectile        Hex/Tloc       ######       1%          3    None
 Recall                   Summ/Tloc      N/A          1%          3    None
 Regeneration             Chrm/Necr      #######...   1%          3    None
 Spectral Weapon          Hex/Chrm       #######.     1%          3    None
 Spider Form              Tmut/Pois      #######...   1%          3    None
 Static Discharge         Conj/Air       ########     1%          3    None
 Stone Arrow              Conj/Erth      ######       1%          3    None
 Summon Guardian Golem    Hex/Summ       #######.     1%          3    None
 Teleport Other           Tloc           #######.     1%          3    None
 Tukima's Dance           Hex            #######.     1%          3    None
 Vampiric Draining        Necr           #######...   1%          3    None
 Airstrike                Air            #########.   1%          4    None
 Animate Dead             Necr           N/A          1%          4    None
 Cause Fear               Hex            #######...   1%          4    None
 Force Lance              Conj/Tloc      ########     1%          4    None
 Fulminant Prism          Conj/Hex       ########..   1%          4    None
 Ice Form                 Ice/Tmut       ########     1%          4    None
 Iskenderun's Mystic Bla  Conj           ########     1%          4    None
 Leda's Liquefaction      Hex/Erth       ########..   1%          4    None
 Olgreb's Toxic Radiance  Pois           #######.     1%          4    None
 Passage of Golubria      Tloc           N/A          1%          4    None
 Petrify                  Tmut/Erth      ########     1%          4    None
 Sticky Flame             Conj/Fire      ########     1%          4    None
 Summon Ice Beast         Ice/Summ       ########     1%          4    None
 Summon Lightning Spire   Summ/Air       ########     1%          4    None
 Throw Icicle             Conj/Ice       ########     1%          4    None
 Agony                    Necr           #######.     1%          5    None
 Alistair's Intoxication  Tmut/Pois      #######.     1%          5    None
 Aura of Abjuration       Summ           #######...   1%          5    None
 Blade Hands              Tmut           #######...   1%          5    None
 Bolt of Draining         Conj/Necr      ########..   1%          5    None
 Bolt of Magma            Conj/Fire/Erth #########.   1%          5    None
 Borgnjor's Vile Clutch   Necr/Erth      ########..   1%          5    None
 Dispel Undead            Necr           #######.     1%          5    None
 Excruciating Wounds      Chrm/Necr      #######...   1%          5    None
 Fireball                 Conj/Fire      #########.   1%          5    None
 Irradiate                Conj/Tmut      ########..   1%          5    None
 Iskenderun's Battlesphe  Conj/Chrm      ########     1%          5    None
 Lee's Rapid Deconstruct  Erth           #########.   1%          5    None
 Lightning Bolt           Conj/Air       #########.   1%          5    None
 Metabolic Englaciation   Hex/Ice        ########..   1%          5    None
 Silence                  Hex/Air        ########..   1%          5    None
 Summon Demon             Summ           #######...   1%          5    None
 Summon Forest            Summ/Tloc      #######...   1%          5    None
 Summon Mana Viper        Hex/Summ       #######.     1%          5    None
 Venom Bolt               Conj/Pois      ########..   1%          5    None
 Yara's Violent Unravell  Hex/Tmut       #######...   1%          5    None
 Bolt of Cold             Conj/Ice       #########.   1%          6    None
 Bolt of Fire             Conj/Fire      #########.   1%          6    None
 Conjure Ball Lightning   Conj/Air       #########.   1%          6    None
 Deflect Missiles         Chrm/Air       ########..   1%          6    None
 Freezing Cloud           Conj/Ice/Air   #########.   1%          6    None
 Iron Shot                Conj/Erth      #########.   1%          6    None
 Ozocubu's Refrigeration  Ice            ########..   1%          6    None
 Poison Arrow             Conj/Pois      ########..   1%          6    None
 Simulacrum               Ice/Necr       ########..   1%          6    None
 Statue Form              Tmut/Erth      ########.    1%          6    None
 Ring of Flames           Chrm/Fire      ########..   1%          7    None
 Spellforged Servitor     Conj/Summ      ########..   1%          7    None
 Darkness                 Hex            #######...   5%          6    None
 Death Channel            Necr           #######...   5%          6    None
 Dispersal                Tloc           #######...   5%          6    None
 Hydra Form               Tmut           #######...   5%          6    None
 Invisibility             Hex            #######.     5%          6    None
 Shadow Creatures         Summ           N/A          5%          6    None
 Dragon Form              Tmut           #######...   22%         7    None
 Malign Gateway           Summ/Tloc      #######...   22%         7    None
 Monstrous Menagerie      Summ           #######...   22%         7    None
 Summon Greater Demon     Summ           #######...   22%         7    None
 Summon Hydra             Summ           #######...   22%         7    None
 Controlled Blink         Tloc           N/A          77%         8    None
 Discord                  Hex            #######...   77%         8    None
 Disjunction              Tloc           #######...   77%         8    None
 Summon Horrible Things   Summ           #######...   77%         8    None
 Dragon's Call            Summ           #######...   100%        9    None


Dungeon Overview and Level Annotations

Branches:
Dungeon (15/15)            Temple (1/1) D:5            Lair (6/6) D:8
 Shoals (4/4) Lair:3       Spider (4/4) Lair:4        Slime (5/5) Lair:6
    Orc (2/2) D:10            Elf (3/3) Orc:2        Vaults (5/5) D:13
  Crypt (1/3) Vaults:3     Depths (5/5) D:15            Zot (0/5) Depths:5

Altars:
Ashenzari
Cheibriados
Dithmenos
Elyvilon
Fedhas
Hepliaklqana
Makhleb
Nemelex Xobeh
Okawaru
Qazlal
Ru
Sif Muna
Trog
Uskayaw
Vehumet
Wu Jian
Xom
Yredelemnul
Zin
The Shining One

Shops:
D:6 !   D:9 }   D:12 !   D:14 :   Orc:1 [   Orc:2 (***   Elf:2 %   Elf:3 !
Shoals:2 %=*   Vaults:2 (   Vaults:3 [   Depths:3 =

Portals:
Hell: Depths:1 Depths:2 Depths:3 Depths:4 Depths:5
Abyss: Depths:1 Depths:3 Depths:4
Pandemonium: Depths:2 Depths:3

Annotations:
Lair:1 1 runed translucent door, Hisekhouvi's ghost, novice GnSk
Spider:1 2 transporters
Elf:2 5 runed translucent doors


Innate Abilities, Weirdness & Mutations

You have claws for hands.
You are completely covered in icy blue scales. (AC +4, rC+)
You frequently emit foul miasma when damaged in melee.
You regenerate a lot of health from kills.
You are extremely robust. (+30% HP)
You are immune to rotting.
You have supernaturally acute eyesight. (SInv)
Your flesh is cold resistant. (rC+)
Your muscles are strong. (Str +2)
Your spells are a little harder to cast, but a little more powerful.


Message History

An orb of destruction comes into view.
A white ugly thing comes into view.
Tuso gestures at you. The bolt of energy hits you!!
* * * LOW HITPOINT WARNING * * *
The Killer Klown throws klown pie at you.
The klown pie misses you.
Meiseoqu comes into view.
Casting: Tornado (safe; 1% risk of failure)
Confirm with . or Enter, or press ? or * to list all spells.
A great vortex of raging winds appears around you.
The hell beast misses you. You block the hell beast's attack.
Meiseoqu gestures.
The Tzitzimitl calls on the powers of darkness!
The Killer Klown convulses!
The sphinx convulses!
Your body is wracked with pain!
* * * LOW HITPOINT WARNING * * *
The white ugly thing convulses!
Something is bathed in an unholy light!
The lorocyproca hits you!
You die...

▓.......§§§§≈.....≈
▓..........§....&..
▓........).§.§.u†..
▓∩.........§..○..○.
▓............*&..v.
▓.......1.&........
▓.......2.≈≈≈.....≈
▓......p2&H8≈....§≈
▓......&2@§≈≈....§§
▓▓▓▓▓▓▓▓▓▓§§.....§.
▓......... .......
....... .......
▓▓▓▓▓▓▓


You could see Dagaory, Meiseoqu, Nicuaroz (invisible), Ocrughic, Tuso, a Killer
Klown, a Tzitzimitl, a sphinx, a hell beast, a lorocyproca (invisible), a balrug
and a white ugly thing.

Vanquished Creatures
  the Royal Jelly (Slime:5)
  Dissolution (Slime:2)
  Mara (Elf:3)
  Mennas (Vaults:2)
  13 juggernauts
  3 ancient liches
  5 greater mummies
  Boris (5 times) (Vaults:3 Depths:2 Depths:3 Depths:4 Depths:5)
  14 Killer Klowns
  6 shard shrikes
  A caustic shrike (Depths:1)
  Saint Roka (Depths:2)
  A golden dragon (Vaults:5)
  A profane servitor (Zig:20)
  the Enchantress (Depths:4)
  Arachne (Spider:4)
  4 pearl dragons
  5 bone dragons
  4 Tzitzimimeh (Zig:16)
  A Brimstone Fiend (Zig:26)
  2 doom hounds (Zig:16)
  Rupert (Lair:5)
  An iron giant (shapeshifter) (Zig:13)
  A hellephant (Zig:7)
  8 tentacled monstrosities
  Asterion (Depths:3)
  5 liches
  12 deep elf blademasters
  2 quicksilver dragons (shapeshifter) (Zig:13)
  13 deep elf master archers
  A quicksilver dragon (Depths:5)
  2 titans (Vaults:5)
  4 tentacled starspawn
  11 ancient champions
  Frances (D:13)
  23 acid blobs
  5 sphinxes
  A sphinx (shapeshifter) (Zig:17)
  3 shadow dragons
  Kirke (Lair:4)
  Gastronok (D:10)
  A thorn hunter (Zig:5)
  A kraken (Shoals:3)
  7 tengu reavers
  16 draconian monks
  3 revenants
  2 storm dragons
  10 azure jellies
  4 fire giants
  8 nagarajas
  15 draconian knights
  8 daevas
  2 frost giants
  19 pandemonium lords
  16 deep elf sorcerers
  14 draconian scorchers
  A ghost moth (shapeshifter) (Zig:13)
  26 orc warlords
  12 ghost moths
  8 deep elf elementalists
  2 cacodemons
  14 vault wardens
  6 juggernaut zombies
  7 draconian shifters
  7 balrugs
  6 curse skulls
  6 caustic shrike zombies
  12 draconian stormcallers
  9 angels
  5 spriggan defenders
  The ghost of Ileaf the Fighter, a journeyman MfFi of Okawaru (Spider:3)
  6 emperor scorpions
  8 reapers
  4 ophanim (Zig:17)
  17 ironheart preservers
  29 stone giants
  A stone giant (shapeshifter) (Zig:21)
  15 draconian annihilators
  7 green draconians
  30 very ugly things
  A corrupter (Zig:4)
  14 entropy weavers
  22 deep elf demonologists
  2 dire elephants (shapeshifter) (Zig:13)
  2 lorocyprocas (Abyss:4)
  7 apis
  6 caustic shrike skeletons (Depths:4)
  34 deep elf annihilators
  4 juggernaut skeletons
  5 black draconians
  10 vampire knights
  4 purple draconians
  5 blood saints (Zig:23)
  Nessos (Lair:5)
  9 red draconians
  4 yellow draconians
  Azrael (D:15)
  A pale draconian (Depths:5)
  5 spark wasps
  A minotaur (Gauntlet)
  10 eidola
  10 mummy priests
  3 dire elephants
  2 white draconians
  11 deep elf death magi
  4 green deaths
  13 ettins
  6 merfolk impalers
  5 fire dragons
  Snorg (D:10)
  6 merfolk javelineers
  12 death oozes
  3 jiangshi
  A crystal guardian (Vaults:4)
  The ghost of Dfrag the Fighter, a journeyman DDNe of Makhleb (D:10)
  3 blizzard demons
  12 deep elf high priests
  33 vault guards
  25 yaktaur captains
  A naga warrior (Zig:4)
  11 ice dragons
  A quicksilver dragon zombie (Zig:26)
  8 spriggan air magi
  17 great orbs of eyes
  2 quicksilver dragon skeletons
  22 ogre magi
  An ice dragon (shapeshifter) (Zig:13)
  4 rakshasas
  2 anacondas
  21 hydras
  An anaconda (shapeshifter) (D:13)
  2 catoblepae (Lair:6)
  A shambling mangrove (Zig:5)
  Erica (D:9)
  3 merfolk avatars
  3 death knights
  2 ghost crabs
  14 merfolk aquamancers
  An alligator snapping turtle (Shoals:4)
  6 satyrs
  8 alligators
  A death scarab (Zig:9)
  A two-headed ogre (shapeshifter) (Zig:13)
  8 deep troll shamans
  13 centaur warriors
  6 tengu warriors
  37 dancing weapons
  4 thrashing horrors
  76 two-headed ogres
  2 hell hogs (Zig:26)
  4 titan zombies
  21 death yaks
  32 orc high priests
  8 vampire magi
  3 deep troll earth magi
  9 spriggan berserkers
  43 spriggans
  Nergalle (D:10)
  11 naga sharpshooters
  4 soul eaters
  3 shock serpents
  32 deep elf knights
  2 titan skeletons
  9 skeletal warriors
  3 wretched stars
  A fire crab (Elf:2)
  6 shadow wraiths
  9 hell knights
  8 iron trolls
  8 spriggan druids
  A death drake (Elf:2)
  3 shadow demons
  10 cherubim
  5 glowing orange brains
  A salamander mystic (Zig:23)
  9 flayed ghosts
  45 deep elf archers
  10 wizards
  12 deep trolls
  3 unseen horrors
  A naga ritualist (Zig:4)
  2 shadow dragon zombies (Zig:26)
  A kraken simulacrum (Shoals:4)
  18 sea snakes
  A golden dragon skeleton (Zig:26)
  2 lindwurms
  A harpy (shapeshifter) (Vaults:2)
  24 ironbrand convokers
  12 swamp dragons
  5 necromancers
  Pikel (D:5)
  An orange crystal statue (Elf:1)
  4 tengu zombies
  6 phantasmal warriors
  A sphinx zombie (Zig:9)
  2 iron dragon zombies
  16 orc knights
  32 orb spiders
  4 mana vipers
  21 harpies
  26 orc sorcerers
  A shining eye (shapeshifter) (Depths:3)
  2 stone giant zombies
  101 deep elf magi
  An oklob plant (Lair:5)
  3 sphinx skeletons
  5 worldbinders
  23 manticores
  44 ugly things
  5 tengu skeletons
  A salamander (Zig:4)
  3 shadow dragon skeletons
  24 moths of wrath
  11 cyclopes
  6 fauns
  43 wolf spiders
  11 merfolk sirens
  An eye of devastation (shapeshifter) (Zig:12)
  12 shining eyes
  A guardian serpent (shapeshifter) (Vaults:5)
  6 elephants
  2 orange demons (Abyss:2)
  11 water nymphs
  14 vault sentinels
  7 guardian serpents
  20 spiny frogs
  4 apocalypse crabs
  2 molten gargoyles (Elf:2)
  8 torpor snails
  4 naga magi
  11 black mambas
  4 smoke demons
  2 eyes of devastation
  6 centaur skeletons
  2 gargoyles (D:14)
  54 yaktaurs
  A spiny frog (shapeshifter) (Vaults:4)
  3 spriggan skeletons
  10 rime drakes
  14 demonic crawlers
  2 kobold demonologists (D:15)
  11 hellions
  8 tormentors
  12 freezing wraiths
  An elf (Vaults:1)
  2 hellwings (Depths:3)
  14 guardian mummies
  7 ice devils
  3 komodo dragons
  6 tengu conjurers
  An ancient zyme (Abyss:2)
  4 red devils
  21 polar bears
  39 jumping spiders
  A human skeleton (Vaults:3)
  A tengu simulacrum (Vaults:4)
  A wind drake (shapeshifter) (Zig:10)
  32 merfolk
  A meliai (D:13)
  14 trolls
  3 silent spectres
  36 hornets
  5 small abominations
  A blink frog (shapeshifter) (Depths:1)
  10 wind drakes
  2 raiju
  25 blink frogs
  2 hippogriffs (shapeshifter)
  6 bog bodies
  2 sphinx simulacra
  17 dream sheep
  90 slime creatures
  A stone giant simulacrum (Vaults:3)
  5 spriggan zombies
  An ettin zombie (Depths:2)
  11 hippogriffs
  14 snapping turtles
  9 flying skulls
  A vampire (D:13)
  5 shadows
  2 tarantellas (shapeshifter)
  39 tarantellas
  12 starcursed masses
  25 water elementals
  105 redbacks
  A redback (shapeshifter) (Vaults:4)
  A wyvern (shapeshifter) (Zig:21)
  7 ushabtiu
  11 air elementals
  A ynoxinul (Abyss:4)
  9 wraiths
  Eustachio (D:6)
  3 hogs (Lair:4)
  A wyvern (D:13)
  49 yaks
  2 basilisks
  2 golden eyes
  7 chaos spawn
  4 neqoxecs
  11 fire elementals
  2 golden eyes (shapeshifter)
  8 vampire mosquitoes
  5 large abominations
  7 steam dragons
  2 hungry ghosts
  9 elf skeletons
  12 wargs
  A swamp worm (shapeshifter) (Depths:2)
  Duvessa (D:5)
  2 insubstantial wisps
  4 soldier ants
  A soldier ant (shapeshifter) (Depths:1)
  14 water moccasins
  5 nagas
  A floating eye (Slime:5)
  24 hell hounds
  9 porcupines
  6 acid dragons
  58 orc warriors
  15 ice beasts
  14 black bears
  10 eyes of draining
  2 sky beasts
  2 human zombies
  3 swamp drakes
  11 boggarts
  71 ogres
  33 wolves
  A boggart (shapeshifter) (Vaults:3)
  5 elf zombies
  6 necrophages
  3 phantoms
  11 centaurs
  14 crocodiles
  5 big kobolds
  12 bullfrogs
  7 earth elementals
  2 wyvern zombies
  Dowan (D:5)
  6 scorpions
  3 human simulacra
  14 killer bees
  2 howler monkeys (D:14)
  4 wights (D:10)
  7 electric eels
  6 centaur zombies
  2 lava snakes (Elf:2)
  9 crimson imps
  3 bullfrog zombies (Ossuary)
  8 quasits
  46 orc wizards
  3 bullfrog skeletons
  27 orc priests
  A gnoll shaman (D:6)
  6 hounds
  8 jellies
  Crazy Yiuf (D:5)
  2 iron imps
  Jessica (D:3)
  11 worker ants
  A hound skeleton (D:8)
  2 hound zombies (Ossuary)
  32 mummies
  A howler monkey zombie (D:7)
  Robin (D:3)
  4 gnolls (D:6)
  7 worker ant zombies
  19 adders
  10 shadow imps
  5 white imps
  2 ufetubi
  2 oozes
  6 adder zombies
  An adder skeleton (D:5)
  4 worms
  A worm (shapeshifter) (Elf:1)
  A dart slug (D:1)
  A leopard gecko (D:1)
  92 orcs
  12 giant cockroaches
  17 goblins
  6 hobgoblins
  7 jackals
  A quokka (D:7)
  3 ball pythons
  10 bats
  5 frilled lizards
  2 goblin zombies (D:6)
  2 jackal zombies
  31 kobolds
  2 leopard gecko zombies (Ossuary)
  2 quokka skeletons
  A quokka zombie (Ossuary)
  10 rats
  15 blocks of ice (Zig:15)
  7 bushes
  2 crawling corpses (Elf:3)
  161 fire vortices
  A fungus (Gauntlet)
  11 plants
  2 starspawn tentacles (Abyss:3)
  3 tentacles
3887 creatures vanquished.

Vanquished Creatures (collateral kills)
  A pandemonium lord (Zig:13)
  A golden dragon (Depths:5)
  An Ice Fiend (Zig:13)
  A lich (Depths:3)
  An acid blob (Slime:5)
  An ancient champion (Zig:20)
  A sphinx (Depths:5)
  A revenant (Zig:20)
  A daeva (Zig:17)
  A draconian knight (Zig:22)
  An ironheart preserver (Vaults:3)
  An orc warlord (Zig:6)
  A reaper (Zig:19)
  A very ugly thing (Depths:3)
  An apis (Zig:17)
  A deep elf annihilator (Elf:3)
  A yellow draconian (Depths:5)
  A black draconian (Zig:25)
  A purple draconian (Zig:25)
  A merfolk javelineer (Zig:15)
  A fire dragon (Depths:1)
  A yaktaur captain (Zig:15)
  A vault guard (Vaults:4)
  A two-headed ogre (Depths:2)
  A satyr (Zig:15)
  An alligator snapping turtle (shapeshifter) (Zig:13)
  A shadow wraith (Zig:18)
  A shadow dragon zombie (Zig:16)
  A tengu skeleton (Zig:26)
  2 iron dragon skeletons
  An elf zombie (Zig:26)
  A flying skull (Zig:9)
  2 spriggans (Depths:4)
  An acid dragon (Depths:5)
  An ogre (Depths:2)
  7 mummies
  An ufetubus (Depths:3)
45 creatures vanquished.

Vanquished Creatures (others)
  A pandemonium lord (Zig:13)
  An eldritch tentacle (Zig:13)
  An Executioner (Zig:17)
  A tengu reaver (Zig:23)
  A pale draconian (Depths:5)
  A deep elf knight (Zig:24)
  A deep elf archer (Elf:2)
  3 polar bears (IceCv)
  A raiju (Gauntlet)
  A spriggan (Depths:4)
  A wolf (IceCv)
  An electric eel (Elf:3)
  A crimson imp (D:5)
  A leopard gecko (D:4)
  513 fire vortices
  11 fungi
  35 plants
  2 starspawn tentacles (Zig:2)
  4 tentacles
  A withered plant (Ossuary)
582 creatures vanquished.

Grand Total: 4514 creatures vanquished

Notes
Turn   | Place    | Note
-------+----------+-------------------------------------------
     0 | D:1      | Dfrag the Demonspawn Fire Elementalist began the quest for
                  | the Orb.
     0 | D:1      | Reached XP level 1. HP: 13/13 MP: 3/3
   247 | D:1      | Gained mutation: You are partially covered in icy blue
                  | scales. (AC +2) [demonic ancestry]
   247 | D:1      | Reached XP level 2. HP: 19/19 MP: 3/5
   821 | D:2      | Gained mutation: You have sharp fingernails. [demonic
                  | ancestry]
   821 | D:2      | Reached XP level 3. HP: 13/24 MP: 0/6
  1062 | D:2      | Reached skill level 2 in Conjurations
  1278 | D:2      | Reached XP level 4. HP: 26/30 MP: 0/8
  1540 | D:2      | Learned a level 3 spell: Conjure Flame
  1545 | D:2      | Learned a level 4 spell: Sticky Flame
  1635 | D:2      | Found a glowing golden altar of the Shining One.
  1760 | D:2      | Found an ornate altar of the Wu Jian Council.
  1875 | D:3      | Noticed an eye of draining
  1877 | D:3      | Noticed an eye of draining
  1931 | D:3      | Killed an eye of draining
  1931 | D:3      | Reached skill level 3 in Conjurations
  1931 | D:3      | Reached XP level 5. HP: 35/35 MP: 0/10
  1962 | D:3      | Killed an eye of draining
  1962 | D:3      | Reached XP level 6. HP: 41/41 MP: 0/11
  2085 | D:3      | Noticed Jessica
  2091 | D:3      | Killed Jessica
  2122 | D:3      | Found a stormy altar of Qazlal.
  2141 | D:3      | Noticed Robin
  2168 | D:3      | Killed Robin
  2270 | D:4      | Found an iron altar of Okawaru.
  2378 | D:4      | Reached skill level 4 in Conjurations
  2477 | D:4      | Gained mutation: You are immune to rotting. [demonic
                  | ancestry]
  2477 | D:4      | Reached XP level 7. HP: 46/46 MP: 2/13
  2618 | D:4      | Found a white marble altar of Elyvilon.
  2946 | D:4      | Found a glowing silver altar of Zin.
  3144 | D:3      | Found a hide-covered altar of Uskayaw.
  3144 | D:3      | Found a snail-covered altar of Cheibriados.
  3382 | D:3      | Found a bloodstained altar of Trog.
  3426 | D:5      | Entered Level 5 of the Dungeon
  3472 | D:5      | Reached skill level 5 in Fire Magic
  3573 | D:5      | Found a staircase to the Ecumenical Temple.
  3583 | Temple   | Entered the Ecumenical Temple
  3592 | Temple   | Became a worshipper of Vehumet
  3612 | D:5      | Noticed Dowan
  3612 | D:5      | Noticed Duvessa
  3616 | D:5      | Reached skill level 5 in Spellcasting
  3616 | D:5      | Reached skill level 5 in Conjurations
  3826 | D:5      | Killed Duvessa
  3826 | D:5      | Reached XP level 8. HP: 37/52 MP: 15/15
  3831 | D:5      | Killed Dowan
  3898 | D:5      | Found a runed translucent door.
  3899 | D:5      | Noticed Crazy Yiuf
  3905 | D:5      | Killed Crazy Yiuf
  3940 | D:5      | Learned a level 5 spell: Fireball
  4025 | D:5      | Found a blossoming altar of Fedhas.
  4031 | D:5      | Reached skill level 6 in Conjurations
  4034 | D:5      | Noticed Pikel
  4064 | D:5      | Killed Pikel
  4293 | D:5      | Found a shadowy altar of Dithmenos.
  4378 | D:5      | Gained mutation: You have very sharp fingernails. [demonic
                  | ancestry]
  4378 | D:5      | Reached XP level 9. HP: 26/57 MP: 17/18
  4422 | D:5      | Reached * piety under Vehumet
  4422 | D:5      | Offered knowledge of Sting by Vehumet.
  5028 | D:6      | Reached skill level 7 in Conjurations
  5197 | D:6      | Noticed Eustachio
  5206 | D:6      | Killed Eustachio
  5289 | D:6      | Found a sand-covered staircase.
  5296 | Ossuary  | Entered an ossuary
  5493 | Ossuary  | Offered knowledge of Throw Frost by Vehumet.
  5570 | Ossuary  | Reached ** piety under Vehumet
  6243 | D:6      | Found Gewerch's Distillery.
  6246 | D:6      | Bought a potion of degeneration for 10 gold pieces
  6246 | D:6      | Bought a potion of heal wounds for 50 gold pieces
  6246 | D:6      | Bought a potion of mutation for 80 gold pieces
  6255 | D:6      | Gained mutation: You are agile. (Dex +2) [potion of
                  | mutation]
  6255 | D:6      | Gained mutation: You are resistant to electric shocks.
                  | (rElec) [potion of mutation]
  6255 | D:6      | Gained mutation: Your flesh is cold resistant. (rC+)
                  | [potion of mutation]
  6387 | D:7      | Offered knowledge of Mephitic Cloud by Vehumet.
  6451 | D:7      | Found a burning altar of Makhleb.
  6496 | D:7      | Reached skill level 8 in Conjurations
  6587 | D:7      | Reached *** piety under Vehumet
  6670 | D:7      | You fall through a shaft for 3 floors!
  6670 | D:10     | Entered Level 10 of the Dungeon
  6690 | D:10     | Noticed Snorg
  6729 | D:10     | Learned a level 3 spell: Mephitic Cloud
  6774 | D:10     | Found a staircase to the Orcish Mines.
  6782 | D:9      | Reached XP level 10. HP: 63/63 MP: 13/21
  6788 | D:9      | Noticed a two-headed ogre
  6808 | D:10     | Killed a two-headed ogre
  7230 | D:9      | Noticed a two-headed ogre
  7243 | D:9      | Killed a two-headed ogre
  7243 | D:9      | Reached skill level 9 in Conjurations
  7247 | D:9      | Offered knowledge of Olgreb's Toxic Radiance by Vehumet.
  7292 | D:9      | HP: 2/94 [kobold (3)]
  7711 | D:8      | Found a staircase to the Lair.
  8699 | D:9      | Found Ycsoun Fahye's Gadget Shoppe.
  8756 | D:9      | Reached **** piety under Vehumet
  8857 | D:9      | Noticed Erica
  8859 | D:9      | Killed Erica
  8992 | D:9      | Found a shattered altar of Ashenzari.
  9231 | D:10     | Found a transporter.
  9460 | D:10     | Killed Snorg
  9460 | D:10     | Offered knowledge of Static Discharge by Vehumet.
  9460 | D:10     | Reached skill level 10 in Conjurations
  9460 | D:10     | Gained mutation: You have claws for hands. [demonic
                  | ancestry]
  9460 | D:10     | Reached XP level 11. HP: 68/68 MP: 10/24
  9463 | D:10     | Noticed Gastronok
  9579 | D:10     | Killed Gastronok
  9694 | D:10     | Noticed Nergalle
  9698 | D:10     | Killed Nergalle
  9698 | D:10     | Reached skill level 10 in Fire Magic
  9994 | D:10     | Noticed Dfrag's ghost (journeyman DDNe)
 10019 | D:10     | Found a transporter.
 10147 | D:10     | Found a portal to a secret trove of treasure.
 10214 | D:11     | Noticed a skeletal warrior
 10214 | D:11     | Noticed a skeletal warrior
 10215 | D:11     | Noticed a skeletal warrior
 10217 | D:11     | Killed a skeletal warrior
 10220 | D:11     | Killed a skeletal warrior
 10220 | D:11     | Reached skill level 10 in Spellcasting
 10552 | D:11     | Reached skill level 11 in Conjurations
 10623 | D:11     | Noticed a death knight
 10626 | D:11     | Killed a death knight
 10822 | D:11     | Killed a skeletal warrior
 11295 | D:11     | You fall through a shaft for 2 floors!
 11359 | D:13     | Noticed a centaur warrior
 11364 | D:13     | Killed a centaur warrior
 11364 | D:13     | Reached XP level 12. HP: 45/74 MP: 23/26
 11703 | D:12     | Found Ruda's Distillery.
 12352 | D:12     | Reached ***** piety under Vehumet
 12395 | D:12     | Offered knowledge of Venom Bolt by Vehumet.
 12403 | D:12     | Learned a level 5 spell: Venom Bolt
 12551 | D:12     | Noticed a death knight
 12555 | D:12     | Killed a death knight
 12555 | D:12     | Reached skill level 12 in Conjurations
 13089 | D:13     | Noticed a two-headed ogre
 13089 | D:13     | Noticed an ironheart preserver
 13090 | D:13     | Found a gate to the Vaults.
 13098 | D:13     | Killed an ironheart preserver
 13102 | D:13     | Noticed an anaconda
 13104 | D:13     | Killed an anaconda
 13157 | D:13     | Killed a two-headed ogre
 13350 | D:13     | Noticed a centaur warrior
 13353 | D:13     | Killed a centaur warrior
 13356 | D:13     | Noticed Frances
 13369 | D:13     | Killed Frances
 13369 | D:13     | Gained mutation: You regenerate a little health from kills.
                  | [demonic ancestry]
 13369 | D:13     | Reached XP level 13. HP: 61/79 MP: 7/28
 14402 | Lair:1   | Entered Level 1 of the Lair of Beasts
 14407 | Lair:1   | Reached skill level 13 in Conjurations
 14747 | Lair:1   | Found a runed translucent door.
 14850 | Lair:1   | Identified the +0 spear "Omelette" {flame, rN+}
 14851 | Lair:1   | Noticed Hisekhouvi's ghost (novice GnSk)
 14947 | Lair:1   | Found a hide-covered altar of Uskayaw.
 15350 | Lair:2   | Identified a scroll of acquirement
 16047 | Lair:2   | Got an encrusted helmet
 16058 | Lair:2   | Identified the +1 helmet of Crawling {Str-2 Int+4 Slay+4}
                  | (You acquired it on level 2 of the Lair of Beasts)
 16422 | Lair:3   | Found a frozen archway.
 16429 | Lair:3   | Offered knowledge of Yara's Violent Unravelling by Vehumet.
 16654 | IceCv    | Entered an ice cave
 17667 | IceCv    | Reached XP level 14. HP: 85/85 MP: 9/31
 17946 | IceCv    | Reached skill level 1 in Fighting
 18005 | IceCv    | Noticed a frost giant
 18018 | IceCv    | Killed a frost giant
 18483 | Lair:3   | Reached skill level 5 in Fighting
 18832 | Lair:3   | Found a staircase to the Shoals.
 19136 | Lair:4   | Noticed Kirke
 19142 | Lair:4   | Killed Kirke
 19160 | Lair:4   | Offered knowledge of Bolt of Magma by Vehumet.
 19686 | Lair:4   | Found a hole to the Spider Nest.
 20002 | Lair:5   | Reached skill level 10 in Fighting
 20009 | Lair:5   | Learned a level 5 spell: Bolt of Magma
 20152 | Lair:5   | Noticed Nessos
 20155 | Lair:5   | Killed Nessos
 20158 | Lair:5   | Noticed Rupert
 20162 | Lair:5   | Killed Rupert
 20412 | Lair:5   | You fall through a shaft!
 20412 | Lair:6   | Entered Level 6 of the Lair of Beasts
 20464 | Lair:6   | Reached skill level 14 in Conjurations
 20464 | Lair:6   | Gained mutation: You are mostly covered in icy blue scales.
                  | (AC +3) [demonic ancestry]
 20464 | Lair:6   | Reached XP level 15. HP: 118/118 MP: 27/32
 20676 | Lair:6   | Found a staircase to the Slime Pits.
 21431 | Lair:6   | Offered knowledge of Conjure Ball Lightning by Vehumet.
 22245 | Lair:6   | Reached ****** piety under Vehumet
 22245 | Lair:6   | Offered knowledge of Iron Shot by Vehumet.
 22319 | Lair:6   | Learned a level 6 spell: Iron Shot
 22570 | Orc:1    | Entered Level 1 of the Orcish Mines
 22576 | Orc:1    | Found Laitara's Antique Armour Shoppe.
 22727 | Orc:1    | Reached skill level 15 in Conjurations
 23063 | Orc:2    | Entered Level 2 of the Orcish Mines
 23485 | Orc:2    | Found a staircase to the Elven Halls.
 23533 | Orc:2    | Found Seownesch's Weapon Boutique.
 23543 | Orc:2    | Found Urchatso's General Store.
 23544 | Orc:2    | Found Cahothau's Assorted Antiques.
 23547 | Orc:2    | Found Ynunotar's Assorted Antiques.
 23551 | Orc:2    | Bought a sapphire potion for 25 gold pieces
 23553 | Orc:2    | Bought a scroll of identify for 46 gold pieces
 23553 | Orc:2    | Bought a knobbly runed staff for 276 gold pieces
 23560 | Orc:2    | Bought a potion of heal wounds for 80 gold pieces
 23560 | Orc:2    | Bought a scroll of identify for 32 gold pieces
 23562 | Orc:2    | Bought a paperback book for 420 gold pieces
 23987 | Orc:1    | Bought a twisted chain mail for 256 gold pieces
 23989 | Orc:1    | Identified the +1 chain mail "Kethrith" {Dex+6} (You bought
                  | it in a shop on level 1 of the Orcish Mines)
 24190 | Shoals:1 | Entered Level 1 of the Shoals
 24199 | Shoals:1 | Gained mutation: You are robust. (+10% HP) [demonic
                  | ancestry]
 24199 | Shoals:1 | Reached XP level 16. HP: 118/137 MP: 18/34
 24327 | Shoals:1 | Got an ominously black robe
 24338 | Shoals:1 | Identified the +2 robe of the Gusle {rF+} (You found it on
                  | level 1 of the Shoals)
 24737 | Shoals:2 | Found Beuxuwit's Mass Market.
 24868 | Shoals:2 | Offered knowledge of Freezing Cloud by Vehumet.
 24965 | Shoals:2 | Found Vaemots's Jewellery Shop.
 24971 | Shoals:2 | Found Acrounuh's Food Emporium.
 25662 | Shoals:3 | Noticed a kraken
 25668 | Shoals:3 | Killed a kraken
 25908 | Shoals:4 | Entered Level 4 of the Shoals
 26073 | Shoals:4 | Reached skill level 15 in Fire Magic
 26082 | Shoals:4 | Reached skill level 16 in Conjurations
 26091 | Shoals:4 | Reached skill level 15 in Spellcasting
 26515 | Shoals:4 | Offered knowledge of Orb of Destruction by Vehumet.
 26815 | Shoals:4 | Learned a level 7 spell: Orb of Destruction
 27043 | Shoals:4 | Got a barnacled rune of Zot
 27360 | Spider:1 | Entered Level 1 of the Spider Nest
 27364 | Spider:1 | Gained mutation: You may emit foul miasma when damaged in
                  | melee. [demonic ancestry]
 27364 | Spider:1 | Reached XP level 17. HP: 129/144 MP: 10/36
 27537 | Shoals:2 | Bought the ring of Liuza {rC+ AC+4 SInv} for 758 gold
                  | pieces
 28416 | Spider:1 | Offered knowledge of Fire Storm by Vehumet.
 28416 | Spider:1 | Offered knowledge of Chain Lightning by Vehumet.
 28416 | Spider:1 | Offered knowledge of Tornado by Vehumet.
 28712 | Spider:1 | Found a transporter.
 28833 | Spider:1 | Found a transporter.
 30641 | Spider:3 | Reached skill level 17 in Conjurations
 30980 | Spider:3 | Found a runed translucent door.
 30981 | Spider:3 | Found the +5 demon whip "Spellbinder" {antimagic, MR+}
 30981 | Spider:3 | Noticed Ileaf's ghost (journeyman MfFi)
 31447 | Spider:3 | Killed Ileaf's ghost
 31683 | Spider:3 | Got a translucent ring mail
 31684 | Spider:3 | Identified the +2 ring mail "Rosh" {rC+} (You found it on
                  | level 3 of the Spider Nest)
 31715 | Spider:4 | Entered Level 4 of the Spider Nest
 32137 | Spider:4 | Gained mutation: You are very robust. (+20% HP) [demonic
                  | ancestry]
 32137 | Spider:4 | Reached XP level 18. HP: 90/165 MP: 11/38
 32629 | Spider:4 | Noticed Arachne
 32642 | Spider:4 | Killed Arachne
 33208 | Spider:4 | Got a gossamer rune of Zot
 34229 | D:14     | Found Ditots's Book Boutique.
 34379 | D:15     | Entered Level 15 of the Dungeon
 34393 | D:15     | Reached skill level 18 in Conjurations
 34419 | D:15     | Found a gate leading to a gauntlet.
 34424 | Gauntlet | Entered a Gauntlet
 34424 | Gauntlet | Found a transporter.
 34424 | Gauntlet | Found a transporter.
 34435 | Gauntlet | Learned a level 9 spell: Fire Storm
 34446 | Gauntlet | Found a transporter.
 34448 | Gauntlet | Found a transporter.
 34461 | Gauntlet | Found a transporter.
 34464 | Gauntlet | Found a transporter.
 34481 | Gauntlet | Found a transporter.
 34496 | Gauntlet | Found a transporter.
 34517 | Gauntlet | Found a transporter.
 34532 | Gauntlet | Found a transporter.
 34533 | Gauntlet | Found a transporter.
 34588 | Gauntlet | Found a transporter.
 34971 | Gauntlet | Got a faintly humming hat
 34972 | Gauntlet | Identified the +1 hat "Ykaklut" {MR- rCorr Str+4 SInv} (You
                  | found it in a Gauntlet)
 35112 | Gauntlet | Identified the amulet of Laqihiuz {RegenMP Str+2 Int+6}
 35147 | Gauntlet | Gained mutation: Your mind is acute. (Int +2) [mutagenic
                  | glow]
 35383 | Gauntlet | Found the +2 cloak of the Thief {+Fog Slay-2 SInv Stlth+}
 35602 | D:15     | Noticed Azrael
 35615 | D:15     | Killed Azrael
 35849 | D:15     | Found a staircase to the Depths.
 36290 | Elf:1    | Entered Level 1 of the Elven Halls
 37355 | Elf:2    | Reached XP level 19. HP: 171/171 MP: 25/40
 37649 | Elf:2    | Paralysed by you for 7 turns
 37770 | Elf:2    | Identified the Incunabulum of Venom
 37947 | Elf:2    | Found a huge runed translucent gate.
 37947 | Elf:2    | Found a huge runed translucent gate.
 37948 | Elf:2    | Found a huge runed translucent gate.
 38196 | Elf:2    | Identified Idetsina's Grimoire of Summoning
 38239 | Elf:2    | Found Bifamoh's Food Shop.
 38468 | Elf:2    | Identified the Volume of Fire
 38608 | Elf:2    | Found a huge runed translucent gate.
 38608 | Elf:2    | Found a huge runed translucent gate.
 38621 | Elf:2    | Learned a level 5 spell: Blade Hands
 38630 | Elf:2    | Learned a level 8 spell: Ignition
 38682 | Elf:3    | Entered Level 3 of the Elven Halls
 38940 | Elf:3    | Noticed Mara
 38953 | Elf:3    | Killed Mara
 39114 | Elf:3    | Cast into level 2 of the Abyss (a deep elf demonologist)
 39318 | Abyss:2  | Reached skill level 19 in Conjurations
 39375 | Abyss:3  | Noticed a bone dragon
 39395 | Abyss:3  | Killed a bone dragon
 39411 | Abyss:4  | Found a corrupted altar of Lugonu.
 39687 | Abyss:5  | Entered Level 5 of the Abyss
 39687 | Abyss:5  | Entered Level 5 of the Abyss
 39799 | Abyss:5  | Noticed a bone dragon
 39816 | Elf:3    | Escaped the Abyss
 39867 | Elf:3    | Cast into level 4 of the Abyss (a deep elf sorcerer)
 39933 | Abyss:4  | Found a runed translucent door.
 39934 | Abyss:4  | Found a runed translucent door.
 39935 | Abyss:4  | Found a runed translucent door.
 39936 | Abyss:4  | Found a runed translucent door.
 39937 | Abyss:4  | Found a runed translucent door.
 39938 | Abyss:4  | Found a runed translucent door.
 39939 | Abyss:4  | Noticed a hellephant
 39943 | Abyss:4  | Found a runed translucent door.
 40009 | Abyss:4  | Identified the Incunabulum of the Volcanoes
 40013 | Abyss:4  | Identified Fimmic's Collected Works on the Glacier
 40024 | Abyss:4  | Paralysed by a great orb of eyes for 3 turns
 40038 | Abyss:4  | Gained mutation: You are completely covered in icy blue
                  | scales. (AC +4, rC+) [demonic ancestry]
 40038 | Abyss:4  | Reached XP level 20. HP: 39/180 MP: 4/42
 40094 | Abyss:4  | Identified the Compendium of Beguiling
 40103 | Abyss:4  | Identified the Papyrus of Augmentations
 40106 | Abyss:4  | Identified the Volume of Curses
 40111 | Abyss:4  | Identified Istiagav's Reference Book on the Arsonist
 40113 | Abyss:4  | Identified the Incunabulum of Moulding
 40118 | Abyss:4  | Identified Sif Muna's Tome of the Blaze
 40121 | Abyss:4  | Identified the Handbook of the Mountains
 40143 | Abyss:4  | Identified Zamn's Collected Works on Conjuration
 40160 | Abyss:4  | Noticed a bone dragon
 40206 | Abyss:4  | Identified Sif Muna's Early Guide to Rites and Rhymes
 40285 | Elf:3    | Escaped the Abyss
 40564 | Elf:3    | Found Vutode Largh's Distillery.
 40829 | Elf:3    | Identified the +1 mace "Secret Weapon" {crush, Int+2
                  | Stlth+}
 40954 | Elf:3    | Identified the +2 quarterstaff of the Lesser Evil {speed,
                  | rPois Str+3 Int+3 Dex-3}
 40962 | Elf:3    | Identified the cursed +0 leather armour "Adefumi" {-Tele
                  | rElec Str+5 Dex+4}
 41195 | Elf:3    | Identified the +3 halberd of Waru Com {chop, -Tele MR+
                  | Int+4 SInv}
 41346 | Elf:3    | Found the +6 arbalest "Damnation" {damnation}
 41415 | Elf:3    | Got a spiked ring mail
 41417 | Elf:3    | Identified the cursed +1 ring mail "Waskuiro" {SInv} (You
                  | found it on level 3 of the Elven Halls)
 41853 | Slime:1  | Entered Level 1 of the Pits of Slime
 41860 | Slime:1  | Reached skill level 20 in Conjurations
 42372 | Slime:2  | Noticed Dissolution
 42517 | Slime:2  | Gained mutation: You are weak. (Str -2) [a shining eye]
 42518 | Slime:2  | Killed Dissolution
 42754 | Slime:2  | Reached XP level 21. HP: 187/187 MP: 37/44
 43124 | Slime:3  | Reached skill level 1 in Air Magic
 43293 | Slime:3  | Paralysed by a great orb of eyes for 7 turns
 43582 | Slime:2  | You fall through a shaft for 2 floors!
 44117 | Slime:5  | Entered Level 5 of the Pits of Slime
 44165 | Slime:5  | Noticed the Royal Jelly
 44170 | Slime:5  | Killed the Royal Jelly
 44351 | Slime:5  | Found the +2 Maxwell's thermic engine {flame, freeze}
 44352 | Slime:5  | Found the ring of Shadows {Umbra +Inv Stlth+}
 44363 | Slime:5  | Identified Sif Muna's Grimoire of the Kraken
 44403 | Slime:5  | Got a vibrating turquoise ring
 44404 | Slime:5  | Identified the ring "Zaid" {rPois rC++ Str+2 Dex+4 Slay-3}
                  | (You found it on level 5 of the Pits of Slime)
 44418 | Slime:5  | Got a slimy rune of Zot
 44458 | Slime:5  | Reached skill level 5 in Air Magic
 44572 | Slime:5  | Got a spiked scale mail
 44573 | Slime:5  | Identified the +3 scale mail of Blue Skies {MR+ Dex+2} (You
                  | found it on level 5 of the Pits of Slime)
 44597 | Slime:5  | Got a distressingly furry buckler
 44598 | Slime:5  | Identified the +2 buckler "Amoju" {rF+ Str+3 Int+3 Dex+4}
                  | (You found it on level 5 of the Pits of Slime)
 44954 | Slime:4  | Reached skill level 1 in Shields
 45357 | D:10     | Killed Dfrag's ghost
 45476 | Vaults:1 | Entered Level 1 of the Vaults
 46270 | Vaults:1 | Reached skill level 5 in Shields
 46416 | Vaults:1 | Gained mutation: You frequently emit foul miasma when
                  | damaged in melee. [demonic ancestry]
 46416 | Vaults:1 | Reached XP level 22. HP: 188/195 MP: 35/45
 46715 | Vaults:2 | Found Jobuis's Antique Weapon Boutique.
 46732 | Vaults:2 | Reached skill level 21 in Conjurations
 46769 | Vaults:2 | Noticed Mennas
 46772 | Vaults:2 | Killed Mennas
 47920 | D:10     | You paid a toll of +4 ice dragon scales to enter a treasure
                  | trove
 47921 | Trove    | Entered a treasure trove
 47936 | Trove    | Got a pitted ring mail
 47939 | Trove    | Got a turquoise-studded chain mail
 47944 | Trove    | Got a faintly glowing robe
 47946 | Trove    | Got a steaming scale mail
 47948 | Trove    | Got a dazzling plate armour
 47960 | Trove    | Got an ichor-stained leather armour
 47963 | Trove    | Identified the +5 ring mail "Fuowk" {rElec rPois Str-5}
                  | (You found it in a treasure trove)
 47964 | Trove    | Identified the +2 chain mail of the Hippo {rC+ rN+ rCorr}
                  | (You found it in a treasure trove)
 47965 | Trove    | Identified the +4 robe "Cys Riwk" {rElec rC- Str+5} (You
                  | found it in a treasure trove)
 47966 | Trove    | Identified the +6 scale mail of Beauty {-Tele rC+++ Slay+5
                  | Stlth-} (You found it in a treasure trove)
 47967 | Trove    | Identified the +0 plate armour "Qekugynoss" {+Fly Int+4}
                  | (You found it in a treasure trove)
 47968 | Trove    | Identified the +1 leather armour "Gijaeh" {*Corrode rPois
                  | Str+7} (You found it in a treasure trove)
 48352 | Vaults:3 | Reached skill level 10 in Air Magic
 48894 | Vaults:3 | Got a distressingly furry scale mail
 48895 | Vaults:3 | Identified the +4 scale mail of Teapp {rElec} (You found it
                  | on level 3 of the Vaults)
 48967 | Vaults:3 | Found Nerro's Armour Shop.
 49563 | Vaults:3 | Noticed Boris
 49566 | Vaults:3 | Killed Boris
 49567 | Vaults:3 | Found a staircase to the Crypt.
 49684 | Vaults:4 | Gained mutation: You regenerate health from kills. [demonic
                  | ancestry]
 49684 | Vaults:4 | Reached XP level 23. HP: 202/202 MP: 11/47
 49837 | Vaults:4 | Identified the ring "Ufiwuc Joles" {rC+ Int+2 Dex+4}
 50905 | Vaults:5 | Entered Level 5 of the Vaults
 50906 | Vaults:5 | Reached skill level 22 in Conjurations
 50942 | Vaults:4 | Gained mutation: You regenerate a lot of health from kills.
                  | [demonic ancestry]
 50942 | Vaults:4 | Reached XP level 24. HP: 141/210 MP: 4/47
 51132 | Vaults:4 | Learned a level 9 spell: Tornado
 51161 | Vaults:5 | Noticed an ancient lich
 51514 | Depths:1 | Entered Level 1 of the Depths
 51760 | Depths:1 | Reached skill level 15 in Air Magic
 52052 | Depths:1 | Noticed a juggernaut
 52058 | Depths:1 | Killed a juggernaut
 52081 | Depths:1 | Identified the +1 lajatang of Triumph {protect, rN+}
 52298 | Depths:1 | Found a one-way gate to the infinite horrors of the Abyss.
 52457 | Depths:1 | Found a gateway to Hell.
 52697 | Depths:2 | Noticed Boris
 52699 | Depths:2 | Killed Boris
 52741 | Depths:2 | Found a gateway to a ziggurat.
 53053 | Depths:2 | Noticed Saint Roka
 53055 | Depths:2 | Killed Saint Roka
 53092 | Depths:2 | Found a one-way gate leading to the halls of Pandemonium.
 53359 | Depths:2 | Noticed a greater mummy
 53365 | Depths:2 | Killed a greater mummy
 53365 | Depths:2 | Reached XP level 25. HP: 217/217 MP: 1/48
 53845 | Depths:2 | Lost mutation: Your mind is acute. (Int +2) [potion of
                  | mutation]
 53845 | Depths:2 | Lost mutation: You are agile. (Dex +2) [potion of mutation]
 53845 | Depths:2 | Gained mutation: You are somewhat resistant to further
                  | mutation. [potion of mutation]
 53845 | Depths:2 | Gained mutation: You are clumsy. (Dex -2) [potion of
                  | mutation]
 53845 | Depths:2 | Gained mutation: You have a pair of small antennae on your
                  | head. [potion of mutation]
 53846 | Depths:2 | Lost mutation: You are weak. (Str -2) [potion of mutation]
 53846 | Depths:2 | Lost mutation: You are resistant to electric shocks.
                  | (rElec) [potion of mutation]
 53847 | Depths:2 | Lost mutation: You are clumsy. (Dex -2) [potion of
                  | mutation]
 53847 | Depths:2 | Lost mutation: Your flesh is cold resistant. (rC+) [potion
                  | of mutation]
 53847 | Depths:2 | Lost mutation: You have a pair of small antennae on your
                  | head. [potion of mutation]
 53848 | Depths:2 | Lost mutation: You are somewhat resistant to further
                  | mutation. [potion of mutation]
 53848 | Depths:2 | Gained mutation: Your skin changes colour to match your
                  | surroundings (Stealth+). [potion of mutation]
 53848 | Depths:2 | Gained mutation: Your system is resistant to poisons.
                  | (rPois) [potion of mutation]
 53848 | Depths:2 | Gained mutation: Your flesh is heat resistant. (rF+)
                  | [potion of mutation]
 53848 | Depths:2 | Gained mutation: You evolve. [potion of mutation]
 53849 | Depths:2 | Lost mutation: Your system is resistant to poisons. (rPois)
                  | [potion of mutation]
 53849 | Depths:2 | Lost mutation: Your flesh is heat resistant. (rF+) [potion
                  | of mutation]
 53849 | Depths:2 | Lost mutation: Your skin changes colour to match your
                  | surroundings (Stealth+). [potion of mutation]
 53849 | Depths:2 | Gained mutation: Your body sometimes deteriorates upon
                  | taking damage. [potion of mutation]
 53849 | Depths:2 | Gained mutation: You have sharp toenails. [potion of
                  | mutation]
 53850 | Depths:2 | Lost mutation: Your body sometimes deteriorates upon taking
                  | damage. [potion of mutation]
 53850 | Depths:2 | Gained mutation: Your system is resistant to poisons.
                  | (rPois) [potion of mutation]
 53850 | Depths:2 | Gained mutation: You have a pair of small antennae on your
                  | head. [potion of mutation]
 53858 | Zig:1    | Entered Level 1 of a ziggurat
 53859 | Zig:1    | Reached skill level 23 in Conjurations
 53878 | Zig:2    | Entered Level 2 of a ziggurat
 54011 | Zig:3    | Entered Level 3 of a ziggurat
 54032 | Zig:4    | Entered Level 4 of a ziggurat
 54032 | Zig:4    | Noticed Nonodune the pandemonium lord
 54034 | Zig:4    | Killed Nonodune the pandemonium lord
 54115 | Zig:5    | Entered Level 5 of a ziggurat
 54143 | Zig:6    | Entered Level 6 of a ziggurat
 54146 | Zig:6    | Noticed a juggernaut
 54149 | Zig:6    | Killed a juggernaut
 54164 | Zig:6    | Identified the Papyrus of Moulding and Envenoming
 54168 | Zig:6    | Found the +8 orange crystal plate armour {Archmagi, Int+3
                  | Clar}
 54181 | Zig:7    | Entered Level 7 of a ziggurat
 54213 | Zig:8    | Entered Level 8 of a ziggurat
 54219 | Zig:8    | Noticed a shard shrike
 54219 | Zig:8    | Noticed a shard shrike
 54220 | Zig:8    | Killed a shard shrike
 54220 | Zig:8    | Killed a shard shrike
 54238 | Zig:8    | Got a scorched pewter ring
 54265 | Zig:8    | Identified the ring "Vuymekid" {+Fly rPois Dex+2} (You
                  | found it on level 8 of a ziggurat)
 54287 | Zig:9    | Entered Level 9 of a ziggurat
 54295 | Zig:9    | Noticed a juggernaut
 54297 | Zig:9    | Killed a juggernaut
 54312 | Zig:9    | Identified the Tome of the Frostbite and Execration
 54316 | Zig:9    | Got an encrusted ring mail
 54318 | Zig:9    | Got a shimmering granite ring
 54328 | Zig:9    | Identified the ring "Qetostepri" {Fire *Corrode rElec
                  | Dex+3} (You found it on level 9 of a ziggurat)
 54329 | Zig:9    | Identified the +1 ring mail "Gemioti" {Int+4 SInv} (You
                  | found it on level 9 of a ziggurat)
 54331 | Zig:9    | Reached XP level 26. HP: 225/225 MP: 48/48
 54335 | Zig:10   | Entered Level 10 of a ziggurat
 54381 | Zig:10   | Lost mutation: You evolve. [potion of mutation]
 54381 | Zig:10   | Lost mutation: You have a pair of small antennae on your
                  | head. [potion of mutation]
 54381 | Zig:10   | Lost mutation: You have sharp toenails. [potion of
                  | mutation]
 54381 | Zig:10   | Lost mutation: Your system is resistant to poisons. (rPois)
                  | [potion of mutation]
 54381 | Zig:10   | Gained mutation: You tend to lose your temper in combat.
                  | [potion of mutation]
 54381 | Zig:10   | Gained mutation: Your spells are a little easier to cast,
                  | but a little less powerful. [potion of mutation]
 54381 | Zig:10   | Gained mutation: You are clumsy. (Dex -2) [potion of
                  | mutation]
 54381 | Zig:10   | Gained mutation: You have a pair of small horns on your
                  | head. [potion of mutation]
 54382 | Zig:10   | Lost mutation: You are clumsy. (Dex -2) [potion of
                  | mutation]
 54382 | Zig:10   | Lost mutation: You tend to lose your temper in combat.
                  | [potion of mutation]
 54382 | Zig:10   | Lost mutation: You have a pair of small horns on your head.
                  | [potion of mutation]
 54382 | Zig:10   | Lost mutation: Your spells are a little easier to cast, but
                  | a little less powerful. [potion of mutation]
 54382 | Zig:10   | Gained mutation: Your flesh is cold resistant. (rC+)
                  | [potion of mutation]
 54382 | Zig:10   | Gained mutation: Your flesh is very cold resistant. (rC++)
                  | [potion of mutation]
 54382 | Zig:10   | Gained mutation: You are extremely robust. (+30% HP)
                  | [potion of mutation]
 54427 | Zig:10   | Mutation became permanent: You are very robust. (+20% HP)
                  | [demonic ancestry]
 54427 | Zig:10   | Gained mutation: You are extremely robust. (+30% HP)
                  | [demonic ancestry]
 54427 | Zig:10   | Reached XP level 27. HP: 244/252 MP: 48/49
 54455 | Zig:11   | Entered Level 11 of a ziggurat
 54548 | Zig:12   | Entered Level 12 of a ziggurat
 54556 | Zig:12   | Noticed a greater mummy
 54561 | Zig:12   | Killed a greater mummy
 54561 | Zig:12   | Noticed a greater mummy
 54564 | Zig:12   | Killed a greater mummy
 54607 | Zig:12   | Found the +11 plutonium sword {*Contam Stlth-}
 54655 | Zig:12   | Got a sparkling marble ring
 54656 | Zig:12   | Identified the ring "Mecoun" {Wiz rPois rF+ Int+5} (You
                  | found it on level 12 of a ziggurat)
 54671 | Zig:12   | Identified the Volume of Poisoning and Displacement
 54691 | Zig:13   | Entered Level 13 of a ziggurat
 54702 | Zig:13   | Noticed Icwauqu the pandemonium lord
 54702 | Zig:13   | Noticed Coil the pandemonium lord
 54704 | Zig:13   | Noticed Gexil the pandemonium lord
 54705 | Zig:13   | Killed Coil the pandemonium lord
 54705 | Zig:13   | Killed Icwauqu the pandemonium lord
 54705 | Zig:13   | Noticed Bemenum the pandemonium lord
 54706 | Zig:13   | Noticed Eceuczon the pandemonium lord
 54709 | Zig:13   | Killed Eceuczon the pandemonium lord
 54710 | Zig:13   | Killed Gexil the pandemonium lord
 54710 | Zig:13   | Killed Bemenum the pandemonium lord
 54710 | Zig:13   | Reached skill level 5 in Armour
 54793 | Zig:14   | Entered Level 14 of a ziggurat
 54827 | Zig:14   | Identified the Compendium of Vitriolic Curses
 54832 | Zig:14   | Got a fine glass ring
 54869 | Zig:14   | Identified the Almanac of the Dark Mountains
 54948 | Zig:15   | Entered Level 15 of a ziggurat
 54993 | Zig:15   | Identified the ring "Coyt Wyi" {Fire MR+} (You found it on
                  | level 14 of a ziggurat)
 55004 | Zig:15   | Got a pitted ruby amulet
 55006 | Zig:15   | Identified the amulet of Greed {Inacc rF+ MR+ Dex+4} (You
                  | found it on level 15 of a ziggurat)
 55013 | Zig:15   | Got a pitted wooden ring
 55042 | Zig:16   | Entered Level 16 of a ziggurat
 55884 | Zig:16   | Found the amulet of the Four Winds {rN+ MR+++ Clar}
 55964 | Zig:16   | Identified the ring of Wureecza {rCorr Int+2} (You found it
                  | on level 15 of a ziggurat)
 55975 | Zig:16   | Got a twisted robe
 55987 | Zig:16   | Identified the +2 robe of the Ward {rPois rF+ rN+ Int-4}
                  | (You found it on level 16 of a ziggurat)
 56028 | Zig:17   | Entered Level 17 of a ziggurat
 56039 | Zig:17   | Identified the +7 large shield of the Crypt {rElec Int-2
                  | Dex+3 Stlth+}
 56234 | Zig:18   | Entered Level 18 of a ziggurat
 56249 | Zig:18   | Noticed an ancient lich
 56256 | Zig:18   | Killed an ancient lich
 56256 | Zig:18   | Reached skill level 10 in Armour
 56256 | Zig:18   | Noticed an ancient lich
 56259 | Zig:18   | Killed an ancient lich
 56332 | Zig:19   | Entered Level 19 of a ziggurat
 56350 | Zig:19   | Reached skill level 24 in Conjurations
 56385 | Zig:19   | Got a slimy ring mail
 56387 | Zig:19   | Identified the cursed +1 ring mail of Untold Secrets
                  | {Stlth+} (You found it on level 19 of a ziggurat)
 56417 | Zig:19   | Identified the Handbook of Supportive Talismans
 56422 | Zig:20   | Entered Level 20 of a ziggurat
 56502 | Zig:20   | Identified the Volume of the Voyage and the Blaze
 56544 | Zig:20   | Identified the Volume of Protection and the Voyage
 56558 | Zig:20   | Got a transparent ivory ring
 56559 | Zig:20   | Identified the ring of Elosot {*Contam rN+ MR+ Str+5} (You
                  | found it on level 20 of a ziggurat)
 56617 | Zig:21   | Entered Level 21 of a ziggurat
 56624 | Zig:21   | Noticed Kisizes the pandemonium lord
 56631 | Zig:21   | Noticed Qevont the pandemonium lord
 56632 | Zig:21   | Killed Kisizes the pandemonium lord
 56634 | Zig:21   | Noticed Jiola the pandemonium lord
 56640 | Zig:21   | Killed Qevont the pandemonium lord
 56643 | Zig:21   | Noticed Wiuhuug the pandemonium lord
 56644 | Zig:21   | Noticed Yracwux the pandemonium lord
 56646 | Zig:21   | Killed Jiola the pandemonium lord
 56649 | Zig:21   | Killed Yracwux the pandemonium lord
 56651 | Zig:21   | Killed Wiuhuug the pandemonium lord
 56654 | Zig:21   | Noticed Cyobin the pandemonium lord
 56664 | Zig:21   | Noticed Ohua the pandemonium lord
 56665 | Zig:21   | Noticed Feihy the pandemonium lord
 56666 | Zig:21   | Noticed Unenlipi the pandemonium lord
 56692 | Zig:21   | Found the +7 mace of Variability {chain chaos}
 56694 | Zig:21   | Killed Cyobin the pandemonium lord
 56699 | Zig:21   | Identified the Handbook of Toxic Evil Secrets
 56702 | Zig:22   | Entered Level 22 of a ziggurat
 56774 | Zig:22   | Reached skill level 25 in Conjurations
 56811 | Zig:22   | Reached skill level 15 in Fighting
 56943 | Zig:23   | Entered Level 23 of a ziggurat
 56965 | Zig:23   | Noticed an ancient lich
 56969 | Zig:23   | Killed an ancient lich
 57009 | Zig:23   | Found the +6 shillelagh "Devastator" {shatter}
 57040 | Zig:23   | Identified the Catalogue of Fetching Confrontation
 57055 | Zig:23   | Got a twisted ring mail
 57057 | Zig:23   | Identified the +5 ring mail "Ivveys" {Dex+4 Slay+2} (You
                  | found it on level 23 of a ziggurat)
 57068 | Zig:24   | Entered Level 24 of a ziggurat
 57086 | Zig:24   | Reached skill level 1 in Earth Magic
 57095 | Zig:24   | Reached skill level 5 in Earth Magic
 57109 | Zig:24   | Found the ring of the Octopus King
 57161 | Zig:24   | Identified the Compendium of the Seventy-Seven Wonders
 57168 | Zig:24   | Got a ring of the Octopus King
 57191 | Zig:24   | Got a pitted crystal amulet
 57192 | Zig:24   | Identified the amulet of Waaciol {Inacc MP+9 Dex+4 SInv}
                  | (You found it on level 24 of a ziggurat)
 57209 | Zig:25   | Entered Level 25 of a ziggurat
 57238 | Zig:25   | Reached skill level 10 in Earth Magic
 57273 | Zig:25   | Got a pitted bone ring
 57274 | Zig:25   | Identified the ring "Vuiggore" {+Fly Stlth-} (You found it
                  | on level 25 of a ziggurat)
 57285 | Zig:25   | Got a translucent wooden ring
 57286 | Zig:25   | Identified the cursed ring of Ucaowkoe {+Blink MP-9 AC-2
                  | Int-3 Slay+5} (You found it on level 25 of a ziggurat)
 57317 | Zig:26   | Entered Level 26 of a ziggurat
 57384 | Zig:26   | Got a vibrating bronze ring
 57385 | Zig:26   | Identified the ring of Wafahy {rF- EV+1 Str+5} (You found
                  | it on level 26 of a ziggurat)
 57405 | Zig:26   | Got a crude copper ring
 57407 | Zig:26   | Identified the ring "Cizite" {rN+ SInv} (You found it on
                  | level 26 of a ziggurat)
 57427 | Zig:27   | Entered Level 27 of a ziggurat
 57443 | Zig:27   | Noticed a juggernaut
 57444 | Zig:27   | Noticed a juggernaut
 57448 | Zig:27   | Killed a juggernaut
 57448 | Zig:27   | Noticed a juggernaut
 57449 | Zig:27   | Noticed a juggernaut
 57449 | Zig:27   | Noticed a juggernaut
 57450 | Zig:27   | Killed a juggernaut
 57450 | Zig:27   | Noticed a juggernaut
 57450 | Zig:27   | Noticed a juggernaut
 57452 | Zig:27   | Killed a juggernaut
 57452 | Zig:27   | Noticed a juggernaut
 57453 | Zig:27   | Killed a juggernaut
 57454 | Zig:27   | Killed a juggernaut
 57456 | Zig:27   | Killed a juggernaut
 57457 | Zig:27   | Noticed a juggernaut
 57457 | Zig:27   | Killed a juggernaut
 57459 | Zig:27   | Noticed a juggernaut
 57459 | Zig:27   | Killed a juggernaut
 57462 | Zig:27   | Killed a juggernaut
 57465 | Zig:27   | Killed a juggernaut
 57468 | Zig:27   | Reached skill level 15 in Earth Magic
 57503 | Zig:27   | Got a sparkling amethyst amulet
 57515 | Zig:27   | Got a heavily runed platinum ring
 57522 | Zig:27   | Got a fine bone ring
 57695 | D:14     | Bought a manual of Earth Magic for 1214 gold pieces
 57797 | Depths:3 | Noticed Asterion
 57800 | Depths:3 | Killed Asterion
 57828 | Depths:3 | Noticed Boris
 57833 | Depths:3 | Killed Boris
 57881 | Depths:3 | Found Ilagoyc's Jewellery Boutique.
 57970 | Depths:3 | Learned a level 9 spell: Shatter
 58110 | Depths:3 | Reached skill level 5 in Stealth
 59023 | Depths:4 | Identified the +12 whip "Wiugg" {freeze, rN+ Int+8}
 59026 | Depths:4 | Identified the +3 faerie dragon scales {rCorr MP+9}
 59026 | Depths:4 | Noticed the Enchantress
 59030 | Depths:4 | Killed the Enchantress
 59148 | Depths:4 | Noticed Boris
 59153 | Depths:4 | Killed Boris
 59219 | Depths:4 | Got a pitted cloak
 59220 | Depths:4 | Identified the +0 cloak of the Evening Star {*Corrode MR+
                  | Regen+} (You found it on level 4 of the Depths)
 59221 | Depths:4 | Identified the amulet of Ruule {RegenMP Int+4} (You found
                  | it on level 27 of a ziggurat)
 59728 | Depths:4 | Found a bloodstained altar of Trog.
 60590 | Depths:5 | Entered Level 5 of the Depths
 60591 | Depths:5 | Reached skill level 26 in Conjurations
 60776 | Depths:5 | Noticed Boris
 60779 | Depths:5 | Killed Boris
 61200 | Depths:5 | Reached skill level 10 in Stealth
 61231 | Depths:5 | Found a gate to the Realm of Zot.
 61962 | Crypt:1  | Entered Level 1 of the Crypt
 62455 | Depths:2 | Identified the ring of Arait {rElec rN++ AC+5 Dex-5} (You
                  | found it on level 27 of a ziggurat)
 62456 | Depths:2 | Identified the ring "Noawyi Bete" {Str+4 Dex+3} (You found
                  | it on level 27 of a ziggurat)
 63105 | Zig:1    | Entered Level 1 of a ziggurat
 63126 | Zig:2    | Entered Level 2 of a ziggurat
 63148 | Zig:3    | Entered Level 3 of a ziggurat
 63176 | Zig:3    | Lost mutation: Your flesh is very cold resistant. (rC++)
                  | [potion of mutation]
 63176 | Zig:3    | Gained mutation: Your spells are a little harder to cast,
                  | but a little more powerful. [potion of mutation]
 63176 | Zig:3    | Gained mutation: Your muscles are strong. (Str +2) [potion
                  | of mutation]
 63176 | Zig:3    | Gained mutation: You have supernaturally acute eyesight.
                  | (SInv) [potion of mutation]
 63196 | Zig:4    | Entered Level 4 of a ziggurat
 63230 | Zig:5    | Entered Level 5 of a ziggurat
 63275 | Zig:6    | Entered Level 6 of a ziggurat
 63280 | Zig:6    | Identified the +11 large shield of Freedom {Int+4}
 63342 | Zig:7    | Entered Level 7 of a ziggurat
 63379 | Zig:8    | Entered Level 8 of a ziggurat
 63411 | Zig:8    | Got a clouded brass ring
 63412 | Zig:8    | Identified the ring "Zatu" {*Slow rPois rC+ rN+ Dex+4} (You
                  | found it on level 8 of a ziggurat)
 63440 | Zig:9    | Entered Level 9 of a ziggurat
 63445 | Zig:9    | Noticed a greater mummy
 63449 | Zig:9    | Noticed a greater mummy
 63450 | Zig:9    | Killed a greater mummy
 63451 | Zig:9    | Killed a greater mummy
 63671 | Zig:9    | Got a smoking bronze amulet
 63672 | Zig:9    | Identified the amulet of Loca Fuo {RegenMP *Contam rElec
                  | Dex+4 SInv} (You found it on level 9 of a ziggurat)
 63715 | Zig:10   | Entered Level 10 of a ziggurat
 63776 | Zig:11   | Entered Level 11 of a ziggurat
 63849 | Zig:11   | Found the macabre finger necklace {rN+}
 63864 | Zig:12   | Entered Level 12 of a ziggurat
 63882 | Zig:12   | Reached skill level 27 in Conjurations
 63905 | Zig:12   | Identified Hiexuam's Almanac of Scorching Conjuration
 63928 | Zig:12   | Learned a level 8 spell: Lehudib's Crystal Spear
 63947 | Zig:12   | Learned a level 9 spell: Glaciate
 63950 | Zig:12   | Identified the Almanac of the Igneous Mountains
 63976 | Zig:13   | Entered Level 13 of a ziggurat
 63981 | Zig:13   | Noticed Gosabras the pandemonium lord
 63981 | Zig:13   | Noticed Nidghikki the pandemonium lord
 63983 | Zig:13   | Noticed Etaxtuji the pandemonium lord
 63983 | Zig:13   | Noticed Tocai the pandemonium lord
 63984 | Zig:13   | Noticed Inwoustry the pandemonium lord
 63987 | Zig:13   | Reached skill level 1 in Ice Magic
 63990 | Zig:13   | Killed Gosabras the pandemonium lord
 63990 | Zig:13   | Noticed Buuqipy the pandemonium lord
 63991 | Zig:13   | Killed Tocai the pandemonium lord
 63994 | Zig:13   | Killed Etaxtuji the pandemonium lord
 63995 | Zig:13   | Killed Nidghikki the pandemonium lord
 63995 | Zig:13   | Reached skill level 5 in Ice Magic
 63996 | Zig:13   | Noticed Wyqerif the pandemonium lord
 63998 | Zig:13   | Killed Xumeux the pandemonium lord
 63999 | Zig:13   | Killed Wyqerif the pandemonium lord
 64003 | Zig:13   | Noticed Qiutasi the pandemonium lord
 64006 | Zig:13   | Killed Inwoustry the pandemonium lord
 64008 | Zig:13   | Killed Buuqipy the pandemonium lord
 64010 | Zig:13   | Killed Qiutasi the pandemonium lord
 64244 | Zig:13   | Got a spiked scale mail
 64245 | Zig:13   | Identified the +3 scale mail of the Vanishing Wonders
                  | {+Blink rPois rC++ Str-4} (You found it on level 13 of a
                  | ziggurat)
 64248 | Zig:13   | Identified the Handbook of Scorching Intoxication
 64267 | Zig:14   | Entered Level 14 of a ziggurat
 64338 | Zig:14   | Reached skill level 10 in Ice Magic
 64340 | Zig:15   | Entered Level 15 of a ziggurat
 64453 | Zig:15   | Got a coiled iron ring
 64461 | Zig:15   | Identified Ulalogio's Catalogue of Battle Magic and Air
                  | (You acquired it on level 15 of a ziggurat)
 64484 | Zig:15   | Identified the Volume of the Volcanoes and the Glacier
 64503 | Zig:16   | Entered Level 16 of a ziggurat
 64545 | Zig:16   | Identified Sif Muna's Catalogue of Warped Necromancy
 64553 | Zig:16   | Got a brightly glowing marble ring
 64646 | Zig:16   | Identified the ring "Zeucunet" {*Corrode Dex+4 SInv Stlth+}
                  | (You found it on level 15 of a ziggurat)
 64647 | Zig:16   | Identified the ring of Fun {Ice Stlth+} (You found it on
                  | level 16 of a ziggurat)
 64657 | Zig:17   | Entered Level 17 of a ziggurat
 64667 | Zig:17   | Noticed Nicuaroz the pandemonium lord
 64685 | Zig:17   | Noticed Dagaory the pandemonium lord
 64685 | Zig:17   | Noticed Tuso the pandemonium lord
 64689 | Zig:17   | Noticed Ocrughic the pandemonium lord
 64690 | Zig:17   | HP: 12/288 [disintegration (29)]
 64690 | Zig:17   | Noticed Meiseoqu the pandemonium lord
 64691 | Zig:17   | Mangled by a lorocyproca

Levels and vault maps discovered:
D:1:      sevenhm_arrival_forest_fort_small_3, layout_basic
D:2:      layout_loops_ring, tso_metal_star, lemuel_coloured_pillars_altar
D:3:      layout_basic, trog_eyes_of_draining,
          gammafunk_temple_overflow_elements, old_standard_altar, first_ration,
          minmay_quadrilaterals, uniq_robin, uniq_jessica
D:4:      layout_loops_ring, lemuel_crystal_altar, zin_scriptorium,
          elyvilon_altar_4
D:5:      layout_basic, grunt_dithmenos_smoke,
          minmay_temple_entry_drinking_statues, minmay_misc_feat_encased,
          st_stairs_12, fedhas_altar_1, uniq_duvessa, uniq_crazy_yiuf_cottage,
          uniq_pikel
D:6:      layout_loops_cross, serial_shops, nicolae_shop_behind_doors,
          enter_ossuary_4, uniq_eustachio
D:7:      layout_gridville, nicolae_overflow_crystal_walls
D:8:      layout_loops_ring, david_lair_shrubbed
D:9:      layout_long_grid, marbit_many_paths, serial_shops, shop, uniq_erica
D:10:     layout_loops_corners, orc_0_dummy, gammafunk_ghost_stat_death,
          enter_trove_3, uniq_gastronok, uniq_nergalle, uniq_snorg
D:11:     minmay_cornered_nines, layout_cave_pods
D:12:     layout_cave_pools, serial_shops, shop
D:13:     layout_gridville, skrybe_vaults_entry_preservation, uniq_frances
D:14:     layout_irregular_city, dk_noncrumbling_3, serial_shops,
          nicolae_shop_trees
D:15:     hangedman_depths_entry_try_elsewhere_first, layout_loops_ring,
          gauntlet_entry_generic, uniq_azrael
Temple:   eino_temple_lava
Lair:1:   layout_regular_city, basic_altar, ebering_ghost_funeral_grove,
          serial_bayou_lagoon_a, lemuel_fruit_fields
Lair:2:   layout_cave_pods, infiniplex_staircase_pool
Lair:3:   layout_regular_city, elwin_shoals_entry_rooms,
          portal_ice_cave_entry_ice_beasts, grunt_megastairs_2
Lair:4:   layout_roguey, nicolae_spider_entry_non_spiders, uniq_kirke
Lair:5:   layout_misc_corridors, minmay_lair_oklob_bushes, grunt_megastairs_3,
          uniq_nessos, uniq_rupert
Lair:6:   hangedman_lair_in_review, layout_hall_layers,
          hangedman_lair_caniforms_friends, dpeg_slime_entry_corner
Shoals:1: layout_shoals, abandoned_shop
Shoals:2: layout_shoals, serial_shops, nicolae_shop_crystal,
          nicolae_shop_waterfront, minmay_shop_mass, nicolae_shoals_so_close
Shoals:3: layout_shoals, nicolae_shoals_drake_roost
Shoals:4: shoals_end_grunt_ice, layout_shoals
Spider:1: gammafunk_the_bubble [the_bubble_gammafunk_grid]
Spider:2: layout_spider_delve
Spider:3: layout_spider_delve, ebering_ghost_inner_flame
Spider:4: johnstein_spider_rune_arachne_lair, uniq_arachne
Slime:1:  layout_caves
Slime:2:  layout_caves, nicolae_slime_ancient_tower_intersection,
          dissolution_awaits
Slime:3:  layout_caves
Slime:4:  layout_caves, uniq_dissolution
Slime:5
Orc:1:    layout_caves, serial_shops, shop
Orc:2:    st_orc_mages, layout_caves
Elf:1:    layout_geoelf_grid, minmay_elf_crystal_hexagon, minivault_16,
          grunt_megastairs_4
Elf:2:    layout_gridlike, serial_shops, shop, serial_hangedman_research,
          hangedman_research_toxicology, hangedman_research_pyrotechnics,
          hangedman_research_convocations, hangedman_research_probablistics
Elf:3:    minmay_elf_hall_hex, layout_geoelf_castle, serial_shops, shop,
          uniq_mara
Vaults:1: hangedman_vaults_snaps, hangedman_vaults_impose, v_misc_5,
          nicolae_vaults_puzzle_piece, nicolae_vaults_rhombus_5,
          ontoclasm_vaults_pinch, nicolae_vaults_sealed_display,
          hangedman_vaults_slither, grunt_vaults_swirl,
          nicolae_vaults_holding_cells, nicolae_vaults_specimen_jars,
          layout_vaults_omnicross
Vaults:2: hangedman_vaults_nails, vaults_mumra_lcd, v_misc_5,
          vaults_standard_mumra_x, nicolae_vaults_three_branches,
          ontoclasm_vaults_shuriken, nicolae_vaults_little_squares_5,
          layout_vaults_big_room, serial_shops, nicolae_shop_stone, uniq_mennas
Vaults:3: nicolae_vaults_diagonal_hallway_9, v_misc_5, v_misc_4,
          vaults_room_hallway, minmay_crypt_entry_nasty_monster,
          nicolae_vaults_little_squares_3, vaults_mumra_minichess_inversion,
          vaults_room_stairs_pillars, v_pattern_3, grunt_vaults_bifocal,
          v_misc_27, nicolae_vaults_what_the_h, vaults_dpeg_diagonal,
          ontoclasm_vaults_gateway, layout_vaults_omnibox, serial_shops, shop,
          uniq_boris
Vaults:4: grunt_vaults_diagonal, vaults_room_hangedman_quadrants,
          vaults_room_stairs_pillars, nicolae_vaults_rhombus_5,
          nicolae_vaults_border_crossing, ontoclasm_vaults_chip,
          layout_vaults_omnigrid
Vaults:5: serial_shops
Crypt:1:  layout_chaotic_city, st_stairs_8
Depths:1: minmay_the_grid_octo_tiled_squarecenter
          [minmay_the_grid_octo_tetromino_candy, minmay_the_grid_octo_empty,
          minmay_the_grid_octo_clover, minmay_the_grid_octo_teeth,
          minmay_the_grid_square_5x5_megaprize_open,
          minmay_the_grid_square_5x5_eight_small,
          minmay_the_grid_square_5x5_detours,
          minmay_the_grid_square_5x5_hourglass, minmay_the_grid_square_5x5_c],
          layout_cross, abyss_entry, hangedman_coc_ice_floe,
          serial_sigils_hangedman_shear, kennysheep_generic_room_14,
          serial_bayou_shore_b
Depths:2: lemuel_minitomb, layout_gridlike, enter_ziggurat_c, hell_entry,
          pan_entry, minmay_misc_feat_rows, infiniplex_staircase_x,
          uniq_saint_roka
Depths:3: minmay_angry_zag, layout_cave_pools, serial_shops, shop,
          pf_hell_entry_tar_spiral, serial_sigils_hangedman_etch,
          grunt_pan_entry_sceptre, abyss_entry,
          minmay_staircase_statues_hall_large, uniq_asterion
Depths:4: spriggan_forest, hell_entry, abyss_entry
Depths:5: evilmike_zot_entry_gauntlet, layout_twisted_cross,
          grunt_decor_mini_mirrors, hell_entry
Abyss:2
Abyss:3:  lemuel_flamethrower_3
Abyss:4:  abyss_exit_lava, nicolae_abyss_rune_star_stuff,
          serial_sigils_hangedman_quiver, hangedman_decor_peaks_small
Abyss:5:  due_evilmike_abyss_rune_seething_liches, evilmike_abyss_exit_1
Zig:1
Zig:2
Zig:3
Zig:4
Zig:5
Zig:6:    ziggurat_pillar_abc, ziggurat_pillar_abc, ziggurat_pillar_abc,
          ziggurat_pillar_abc
Zig:7:    ziggurat_pillar_abc, ziggurat_pillar_abc, ziggurat_pillar_abc,
          ziggurat_pillar_abc
Zig:8
Zig:9
Zig:10
Zig:11
Zig:12
Zig:13
Zig:14
Zig:15
Zig:16
Zig:17
Zig:18:   ziggurat_pillar_abc, ziggurat_pillar_abc, ziggurat_pillar_abc,
          ziggurat_pillar_abc
Zig:19
Zig:20
Zig:21
Zig:22
Zig:23
Zig:24:   ziggurat_pillar_centre_smoke, ziggurat_pillar_centre_smoke,
          ziggurat_pillar_centre_smoke, ziggurat_pillar_centre_smoke
Zig:25:   ziggurat_pillar_d, ziggurat_pillar_d, ziggurat_pillar_d,
          ziggurat_pillar_d
Zig:26
Zig:27
Trove:    trove_armour_2
Ossuary:  ossuary_zaba_flooded
IceCv:    ice_cave_caverns_03
Gauntlet: minmay_gauntlet_mixed_big_or_small
          [gammafunk_gauntlet_arena_arrow_garden,
          minmay_gauntlet_arena_77_checkered, gammafunk_gauntlet_arena_spirals,
          minmay_gauntlet_arena_77_braids, gammafunk_gauntlet_arena_grid,
          minmay_gauntlet_arena_77_chump_sandwich, gauntlet_exit_green]

Skill      XL: |  1  2  3  4  5  6  7  8  9 10 11 12 13 14 15 16 17 18 19 20 21 22 23 24 25 26 27 |
---------------+----------------------------------------------------------------------------------+-----
Fire Magic     | 3 4 5 6 8 9 10 11 13 14 15 16 17 18 19 20 | 20.2
Conjurations   | 2 3 4 5 6 8 10 11 12 13 14 15 16 17 18 19 20 21 22 23 27 | 27.0
Spellcasting   | 3 4 5 6 7 9 10 11 13 14 15 16 17 18 19 20 21 22 26 | 26.2
Fighting       | 11 19 | 19.3
Air Magic      | 7 11 14 16 17 18 22 | 22.1
Shields        | 5 |  5.0
Armour         | 10 | 10.7
Earth Magic    | 19 | 19.2
Stealth        | 10 | 10.2
Ice Magic      | 12 | 12.8
Dodging        | |  1.7

Action                   |  1- 3 |  4- 6 |  7- 9 | 10-12 | 13-15 | 16-18 | 19-21 | 22-24 | 25-27 || total
-------------------------+-------+-------+-------+-------+-------+-------+-------+-------+-------++-------
Melee: Unarmed           |     8 |       |       |    36 |       |       |       |       |       ||    44
       Short sword       |    27 |    90 |   171 |    37 |       |       |       |       |       ||   325
       Falchion          |       |       |     9 |       |       |       |       |       |       ||     9
       War axe           |       |       |   175 |       |       |       |       |       |       ||   175
       Staff             |       |       |       |    71 |    30 |    61 |    23 |    35 |    63 ||   283
 Cast: Flame Tongue      |    56 |    78 |   187 |   136 |    12 |     2 |       |       |       ||   471
       Sticky Flame      |       |     1 |    53 |    54 |    53 |    36 |     7 |    16 |    10 ||   230
       Fireball          |       |       |     3 |   110 |   416 |   605 |   296 |   179 |    37 ||  1646
       Conjure Flame     |       |       |     1 |     2 |     1 |       |       |       |       ||     4
       Bolt of Magma     |       |       |       |       |    37 |       |       |       |       ||    37
       Venom Bolt        |       |       |       |       |     3 |       |       |       |       ||     3
       Orb of Destructio |       |       |       |       |       |    26 |    32 |     4 |       ||    62
       Iron Shot         |       |       |       |       |       |     6 |    16 |     6 |    12 ||    40
       Fire Storm        |       |       |       |       |       |     3 |    27 |    94 |   294 ||   418
       Ignition          |       |       |       |       |       |       |    80 |   110 |   141 ||   331
       Tornado           |       |       |       |       |       |       |       |     3 |    37 ||    40
       Shatter           |       |       |       |       |       |       |       |       |    95 ||    95
       Glaciate          |       |       |       |       |       |       |       |       |     2 ||     2
 Abil: Evoke Fog         |       |       |       |       |       |     1 |       |       |       ||     1
Evoke: Wand              |       |       |    20 |    13 |     1 |    11 |     3 |       |     7 ||    55
       Figurine of a zig |       |       |       |       |       |       |       |       |     1 ||     1
  Use: Scroll            |       |       |     7 |     5 |    18 |    16 |    20 |    12 |    41 ||   119
       Potion            |       |       |     1 |     4 |     1 |     1 |    19 |     1 |    38 ||    65
 Stab: Sleeping          |       |     2 |     1 |       |       |       |       |       |       ||     3
  Eat: Chunk             |     1 |     5 |    14 |    34 |    49 |    32 |    18 |    17 |    14 ||   184
       Ration            |       |       |     2 |     2 |     1 |     5 |     8 |     2 |     7 ||    27
Armor: Robe              |    26 |    12 |   236 |   107 |    49 |   129 |   100 |    64 |     3 ||   726
       Skin              |       |       |       |   118 |       |       |       |       |   108 ||   226
       Ring mail         |       |       |       |       |       |       |       |       |    56 ||    56
       Acid dragon scale |       |       |       |       |       |       |       |       |    41 ||    41
Dodge: Dodged            |    46 |    32 |   312 |   202 |   131 |   152 |   110 |    62 |   112 ||  1159
Block: Buckler           |       |       |       |       |       |       |     4 |    61 |   115 ||   180
       Rpst.: Falchion   |       |       |     6 |       |       |       |       |       |       ||     6

Table legend:
 A = Non-vault XP
 B = Vault XP
 C = Vault XP percentage of total XP
 D = Non-vault monster count
 E = Vault monster count
 F = Vault count percentage of total count
                 A         B        C        D         E       F
            +---------+---------+-------+---------+---------+-------
      Total | 2158077 |  602100 |  21.8 |    2861 |     857 |  23.1
            +---------+---------+-------+---------+---------+-------
        D:1 |      29 |       0 |   0.0 |      20 |       0 |   0.0
        D:2 |     117 |       0 |   0.0 |      29 |       0 |   0.0
        D:3 |      54 |     342 |  86.4 |       8 |      21 |  72.4
        D:4 |     383 |       0 |   0.0 |      14 |       0 |   0.0
        D:5 |     923 |    1013 |  52.3 |      31 |       5 |  13.9
        D:6 |     421 |     205 |  32.7 |      30 |       3 |   9.1
        D:7 |    1359 |       0 |   0.0 |      31 |       0 |   0.0
        D:8 |     195 |     338 |  63.4 |       7 |       1 |  12.5
        D:9 |    2331 |     985 |  29.7 |      33 |       2 |   5.7
       D:10 |    1543 |    5727 |  78.8 |      17 |      10 |  37.0
       D:11 |    4916 |    1333 |  21.3 |      25 |       3 |  10.7
       D:12 |    7591 |       0 |   0.0 |      44 |       0 |   0.0
       D:13 |    7223 |    7246 |  50.1 |      34 |      10 |  22.7
       D:14 |   15022 |       0 |   0.0 |      48 |       0 |   0.0
       D:15 |    6721 |    4791 |  41.6 |      25 |      11 |  30.6
     Lair:1 |    3507 |       0 |   0.0 |      17 |       0 |   0.0
     Lair:2 |    4272 |       0 |   0.0 |      17 |       0 |   0.0
     Lair:3 |    8686 |    4320 |  33.2 |      32 |      17 |  34.7
     Lair:4 |    9255 |    3390 |  26.8 |      22 |      12 |  35.3
     Lair:5 |    8291 |    5657 |  40.6 |      22 |       6 |  21.4
     Lair:6 |   14354 |   22264 |  60.8 |      37 |      77 |  67.5
   Shoals:1 |   16208 |       0 |   0.0 |      31 |       0 |   0.0
   Shoals:2 |    4833 |     180 |   3.6 |      13 |       1 |   7.1
   Shoals:3 |   10419 |    2553 |  19.7 |      22 |       9 |  29.0
   Shoals:4 |    9107 |   20342 |  69.1 |      21 |      33 |  61.1
   Spider:1 |   17751 |       0 |   0.0 |      55 |       0 |   0.0
   Spider:2 |   18846 |       0 |   0.0 |      45 |       0 |   0.0
   Spider:3 |   15955 |    2653 |  14.3 |      52 |       3 |   5.5
   Spider:4 |    8576 |   35623 |  80.6 |      27 |      58 |  68.2
    Slime:1 |   25481 |       0 |   0.0 |      36 |       0 |   0.0
    Slime:2 |   13509 |   14191 |  51.2 |      30 |       1 |   3.2
    Slime:3 |    9756 |       0 |   0.0 |      12 |       0 |   0.0
    Slime:4 |   10640 |       0 |   0.0 |      16 |       0 |   0.0
    Slime:5 |   17122 |   27678 |  61.8 |      20 |      14 |  41.2
      Orc:1 |    7837 |       0 |   0.0 |      33 |       0 |   0.0
      Orc:2 |    2375 |    5017 |  67.9 |      18 |      45 |  71.4
      Elf:1 |   18777 |    6240 |  24.9 |      33 |      13 |  28.3
      Elf:2 |   14574 |   20380 |  58.3 |      23 |      36 |  61.0
      Elf:3 |   18618 |   60938 |  76.6 |      31 |      36 |  53.7
   Vaults:1 |   37204 |   16223 |  30.4 |      49 |      27 |  35.5
   Vaults:2 |   22398 |   18768 |  45.6 |      43 |      16 |  27.1
   Vaults:3 |   45583 |   32378 |  41.5 |      74 |      37 |  33.3
   Vaults:4 |   59951 |   21822 |  26.7 |     100 |      17 |  14.5
   Vaults:5 |   13270 |   88370 |  86.9 |      18 |      64 |  78.0
   Depths:1 |   40089 |   27352 |  40.6 |      49 |      19 |  27.9
   Depths:2 |   45415 |   20432 |  31.0 |      48 |      29 |  37.7
   Depths:3 |   37891 |   13892 |  26.8 |      41 |      22 |  34.9
   Depths:4 |    8659 |   63499 |  88.0 |      15 |      95 |  86.4
   Depths:5 |   41626 |   21830 |  34.4 |      40 |      20 |  33.3
    Abyss:2 |    7208 |       0 |   0.0 |      20 |       0 |   0.0
    Abyss:3 |    8377 |    1283 |  13.3 |      10 |       2 |  16.7
    Abyss:4 |   25951 |    7334 |  22.0 |      40 |       6 |  13.0
    Abyss:5 |    1366 |       0 |   0.0 |       4 |       0 |   0.0
      Zig:1 |    3872 |       0 |   0.0 |       5 |       0 |   0.0
      Zig:2 |    6775 |       0 |   0.0 |       9 |       0 |   0.0
      Zig:3 |   10230 |       0 |   0.0 |      11 |       0 |   0.0
      Zig:4 |   13715 |       0 |   0.0 |      15 |       0 |   0.0
      Zig:5 |   15373 |       0 |   0.0 |      21 |       0 |   0.0
      Zig:6 |   29326 |       0 |   0.0 |      21 |       0 |   0.0
      Zig:7 |   20694 |       0 |   0.0 |      31 |       0 |   0.0
      Zig:8 |   31073 |       0 |   0.0 |      34 |       0 |   0.0
      Zig:9 |   41908 |       0 |   0.0 |      47 |       0 |   0.0
     Zig:10 |   34668 |       0 |   0.0 |      53 |       0 |   0.0
     Zig:11 |   40560 |       0 |   0.0 |      67 |       0 |   0.0
     Zig:12 |   51801 |       0 |   0.0 |      68 |       0 |   0.0
     Zig:13 |  146857 |       0 |   0.0 |      42 |       0 |   0.0
     Zig:14 |   57035 |       0 |   0.0 |      80 |       0 |   0.0
     Zig:15 |   70467 |       0 |   0.0 |      73 |       0 |   0.0
     Zig:16 |   84691 |       0 |   0.0 |     118 |       0 |   0.0
     Zig:17 |   59778 |       0 |   0.0 |      38 |       0 |   0.0
     Zig:18 |   61618 |       0 |   0.0 |      34 |       0 |   0.0
     Zig:19 |   42161 |       0 |   0.0 |      45 |       0 |   0.0
     Zig:20 |   58481 |       0 |   0.0 |      44 |       0 |   0.0
     Zig:21 |   76638 |       0 |   0.0 |      19 |       0 |   0.0
     Zig:22 |   66976 |       0 |   0.0 |      43 |       0 |   0.0
     Zig:23 |   67445 |       0 |   0.0 |      52 |       0 |   0.0
     Zig:24 |   67610 |       0 |   0.0 |      69 |       0 |   0.0
     Zig:25 |   83304 |       0 |   0.0 |      54 |       0 |   0.0
     Zig:26 |   52125 |       0 |   0.0 |      75 |       0 |   0.0
     Zig:27 |  130331 |       0 |   0.0 |      81 |       0 |   0.0
    Ossuary |       0 |     716 | 100.0 |       0 |      29 | 100.0
      IceCv |       0 |   11429 | 100.0 |       0 |      40 | 100.0
   Gauntlet |       0 |    3366 | 100.0 |       0 |       7 | 100.0
            +---------+---------+-------+---------+---------+-------
